 Dungeon Crawl Stone Soup version 0.30-a0-141-g30f27751c5 (webtiles) character file.

Game seed: 3845252967562273376

596664 qw the Conqueror (level 27, -5/199 HPs)
             Began as a Gargoyle Fighter on Sept 25, 2022.
             Was an Elder of Okawaru.
             Killed by divine providence
             ... invoked by a royal mummy
              (15 damage)
             ... on level 3 of the Tomb of the Ancients.
             The game lasted 00:33:57 (60799 turns).

qw the Conqueror (Gargoyle Fighter)                Turns: 60799, Time: 00:33:57

Health: -5/199     AC: 79    Str: 41    XL:     27
Magic:  30/31      EV: 20    Int:  9    God:    Okawaru [****..]
Gold:   2071       SH: 32    Dex: 20    Spells: 26/26 levels left

rFire   + . .      SeeInvis .    y - +9 broad axe (vamp)
rCold   + + +      Faith    .    F - +1 tower shield {rN+}
rNeg    + + +      Spirit   .    n - +11 crystal plate armour of Hide-and-Seek {Slay+3}
rPois   inf        Reflect  +    C - +1 helmet of Parlour Games {Rampage rCorr Dex+3}
rElec   +          Harm     .    B - +2 cloak
rCorr   +          Rampage  +    v - +2 pair of gloves of Inviolability {rPois Str+3 Stlth-}
Will    +++..                    l - +3 pair of mountain boots {steadfast, rC+}
Stlth   ..........               a - amulet of reflection
HPRegen 0.43/turn                u - ring of Nierrora {rC++ rN+ Will+ Dex+4}
MPRegen 0.22/turn                e - ring "Melesanecu" {rPois rF+ rN+ Str+6 Stlth-}

@: about to teleport, heroic, marked, flying, slowed, very slow
A: sickness immunity, AC +20, big wings, negative energy resistance 1,
electricity resistance, torment resistance 1, petrification resistance, agile 1
}: 3/15 runes: serpentine, barnacled, silver
a: Renounce Religion, Heroism, Finesse


You were on level 3 of the Tomb of the Ancients.
You worshipped Okawaru.
Okawaru was greatly pleased with you.
You visited 11 branches of the dungeon, and saw 50 of its levels.
You visited the Abyss 1 time.

You collected 9012 gold pieces.
You spent 6941 gold pieces at shops.


Innate Abilities, Weirdness & Mutations

You are immune to sickness and miasma.
Your stone body is resilient. (AC +20)
You are immune to poison.
Your large and strong wings let you fly.
You resist negative energy. (rN+)
You are resistant to electric shocks. (rElec)
You are resistant to unholy torment.
You are immune to petrification.
You are agile. (Dex +4, Str/Int -1)


   Skills:
 O Level 27 Fighting
 - Level 18.0(23.0) Axes
 - Level 17.1(22.1) Throwing
 - Level 22.1(27) Armour
 + Level 13.6(18.6) Dodging
 - Level 22.0(27) Shields
 - Level 11.7 Invocations


You had 26 spell levels left.
You didn't know any spells.
Your spell library was empty.

Inventory:

Hand Weapons
 y - a +9 vampiric broad axe (weapon)
Missiles
 I - 27 javelins
 M - 12 silver javelins (quivered)
Armour
 l - the +3 pair of mountain boots (worn) {steadfast, rC+}
   (You found it on level 4 of the Shoals)

   It prevents involuntary movement, except for blinking, teleportation, or
   banishment.
   rC:        It protects you from cold.
 n - the +11 crystal plate armour of Hide-and-Seek (worn) {Slay+3}
   (Okawaru gifted it to you on level 4 of the Vaults)

   Slay:      It affects your accuracy & damage with ranged weapons and melee
   (+3).
 v - the +2 pair of gloves of Inviolability (worn) {rPois Str+3 Stlth-}
   (Okawaru gifted it to you on level 2 of the Vaults)

   Str:       It affects your strength (+3).
   rPois:     It protects you from poison.
   Stlth:     It makes you less stealthy.
 A - the -2 pair of gloves "Jusiviut" {rF+ rC+ Int+3}
   (You acquired it on level 2 of the Lair of Beasts)

   Int:       It affects your intelligence (+3).
   rF:        It protects you from fire.
   rC:        It protects you from cold.
 B - a +2 cloak (worn)
 C - the +1 helmet of Parlour Games (worn) {Rampage rCorr Dex+3}
   (You found it on level 3 of the Crypt)

   Dex:       It affects your dexterity (+3).
   rCorr:     It protects you from acid and corrosion.
   Rampage:   It bestows one free step when moving towards enemies.
 F - a +1 tower shield of positive energy (worn)
Jewellery
 a - an amulet of reflection (around neck)
 c - the ring "Ycomiov" {rC+ rN+ SInv}
   (You found it on level 3 of the Snake Pit)

   [ring of see invisible]

   rC:        It protects you from cold.
   rN:        It protects you from negative energy.
   SInv:      It lets you see invisible.
 e - the ring "Melesanecu" (right hand) {rPois rF+ rN+ Str+6 Stlth-}
   (You found it on level 1 of the Crypt)

   [ring of strength]

   Str:       It affects your strength (+6).
   rF:        It protects you from fire.
   rPois:     It protects you from poison.
   rN:        It protects you from negative energy.
   Stlth:     It makes you less stealthy.
 h - the ring "Qoceddo" {rCorr Dex+2}
   (You found it on level 4 of the Shoals)

   [ring of resist corrosion]

   Dex:       It affects your dexterity (+2).
   rCorr:     It protects you from acid and corrosion.
 r - the ring of Leaves {rC+ MP+9 Dex+6}
   (You found it on level 5 of the Vaults)

   [ring of dexterity]

   Dex:       It affects your dexterity (+6).
   rC:        It protects you from cold.
   MP:        It affects your magic capacity (+9).
 s - the amulet "Urolumot" {Acrobat rElec rCorr Str-4 Slay+4}
   (You found it on level 3 of the Dungeon)

   [amulet of the acrobat]

   It increases your evasion while moving and waiting.
   Str:       It affects your strength (-4).
   Slay:      It affects your accuracy & damage with ranged weapons and melee
   (+4).
   rElec:     It insulates you from electricity.
   rCorr:     It protects you from acid and corrosion.
 u - the ring of Nierrora (left hand) {rC++ rN+ Will+ Dex+4}
   (You found it on level 3 of the Depths)

   [ring of willpower]

   Dex:       It affects your dexterity (+4).
   rC:        It greatly protects you from cold.
   rN:        It protects you from negative energy.
   Will:      It increases your willpower.
 x - a ring of resist corrosion
 z - a ring of protection from fire
 H - a +4 ring of evasion
 Y - a +4 ring of protection
Scrolls
 g - 2 scrolls of enchant armour
 k - 8 scrolls of teleportation
 p - 5 scrolls of identify
 E - 4 scrolls of brand weapon
 K - 4 scrolls of enchant weapon
Potions
 b - 9 potions of mutation
 d - 9 potions of might
 f - 5 potions of haste
 i - 33 potions of curing
 m - 7 potions of attraction
 o - 3 potions of resistance
 q - 6 potions of cancellation
 D - 9 potions of lignification

Dungeon Overview and Level Annotations

Branches:
Dungeon (15/15)            Temple (1/1) D:4            Lair (5/5) D:8
 Shoals (4/4) Lair:3        Snake (4/4) Lair:3        Slime (0/5) Lair:5
    Orc (2/2) D:12            Elf (0/3) Orc:2        Vaults (5/5) D:13
  Crypt (3/3) Vaults:2       Tomb (3/3) Crypt:3      Depths (4/4) D:15
    Zot (4/5) Depths:4

Altars:
Ashenzari
Cheibriados
Dithmenos
Elyvilon
Fedhas
Gozag
Hepliaklqana
Kikubaaqudgha
Makhleb
Nemelex Xobeh
Okawaru
Qazlal
Ru
Sif Muna
Trog
Uskayaw
Vehumet
Wu Jian
Xom
Yredelemnul
Zin
The Shining One
Jiyva

Shops:
D:1 :   D:3 ?   Orc:2 *(*(   Shoals:1 [**(   Shoals:2 :[[?=   Shoals:3 !
Vaults:2 !:   Vaults:3 =   Vaults:4 (   Vaults:5 =   Zot:3 *   Depths:1 :
Depths:2 (=*

Portals:
Hell: Depths:1 Depths:2 Depths:3 Depths:4
Abyss: Depths:3
Pandemonium: Depths:2
Ziggurat: Depths:1

Annotations:
Lair:5 2 runed translucent doors
Snake:3 3 runed translucent doors, Smee's ghost, adept MiFi
Vaults:1 5 transporters, Saint Roka
Crypt:1 9 runed translucent doors
Zot:3 3 runed translucent doors, ShutUppercut's ghost, legendary DsGl
Zot:4 1 transporter


Message History

The royal mummy gestures wildly while chanting.
The royal mummy gestures at you while chanting.
Something smites you! The royal mummy completely misses you.
60797 ||| READING 9 scrolls of teleportation.
As you read the scroll of teleportation, it crumbles to dust.
You feel strangely unstable. You block the royal mummy's attack.
The ushabti shakes and rattles deafeningly!
The royal mummy calls on the powers of darkness!
The emperor scorpion convulses! x3; Your body is wracked with pain!
The emperor scorpion convulses! x2
The skeletal warrior completely misses you.
The ushabti shakes and rattles deafeningly!
You barely miss the royal mummy.
The royal mummy is lightly damaged.
You slash the guardian mummy! You hit the skeletal warrior.
The death scarab enters a dispersal trap!
The spectral quicksilver dragon blinks!
The royal mummy blinks!
The guardian mummy blinks!
The mummy priest blinks!
The ushabti blinks!
The emperor scorpion blinks!
The ushabti blinks!
The guardian mummy blinks! x2
The emperor scorpion blinks! x2; The guardian mummy blinks!
The royal mummy blinks!
The emperor scorpion blinks!
The guardian mummy blinks!
The emperor scorpion blinks!
The guardian mummy blinks!
The royal mummy blinks!
The guardian mummy blinks! x2; The royal mummy blinks!
You blink.
A mummy priest comes into view.
The royal mummy gestures wildly while chanting.
The guardian mummy pulls the alarm!
The alarm trap emits a blaring wail!
A sentinel's mark forms upon you.
You hear a faint skittering sound.
You cut the emperor scorpion into ribbons!!!
The emperor scorpion is almost dead.
You slice the guardian mummy!!
You block the death scarab's attack. x2; You block the guardian mummy's attack.
The emperor scorpion stings you!
The emperor scorpion closely misses you.
The emperor scorpion claws you but does no damage.
The royal mummy gestures at you while chanting.
Something smites you!
You die...

.#s...!.#. ..#.M(..(#..
#..M...# ##......##
##...¤....#
##.9!.¤¤¤M¤¤##
##..z¤s..¤¤¤..##
##......¤M.¤s.9.##
#.@s..MM...M..9.¤#
#.MB.BMBZ..9.MMW.##
....BB.......BZ..B.¤
#^.......^.^..M.L.bB.¤
#.M........M.....¤..M..
#.........########.....(
.....######......######¤
....# ............. #
.M.9.....M.


You could see 2 royal mummies, 2 emperor scorpions, 2 mummy priests, a skeletal
warrior, 5 guardian mummies, an ushabti (catching breath), a spectral
quicksilver dragon (summoned) and 5 death scarabs.

Vanquished Creatures
  4 ancient liches
  Mennas (Crypt:3)
  3 dread liches
  An orb of fire (Zot:2)
  3 juggernauts
  4 royal mummies
  Margery (Vaults:5)
  A Killer Klown (Zot:1)
  4 curse toes
  13 golden dragons
  A profane servitor (Crypt:3)
  2 bone dragons
  4 Tzitzimimeh (Depths:3)
  3 doom hounds (Depths:3)
  19 tentacled monstrosities
  Jorgrun (D:14)
  An electric golem (Zot:2)
  16 liches
  A walking frostbound tome (Depths:3)
  Mlioglotl (Snake:2)
  8 quicksilver dragons
  2 walking earthen tomes (Depths:3)
  Grunn (Depths:3)
  7 titans
  3 krakens
  4 ancient champions
  Polyphemus (Shoals:4)
  12 sphinxes
  6 death cobs
  Frances (Shoals:2)
  4 revenants
  13 storm dragons
  Agnes (D:14)
  9 shadow dragons
  4 tengu reavers
  A rockslime (shapeshifter) (Vaults:5)
  Donald (Snake:2)
  2 draconian knights
  Ilsuiw (Shoals:2)
  4 nagarajas (Snake:4)
  3 deep elf sorcerers
  7 fire giants
  6 draconian monks
  17 vault wardens
  Aizul (Snake:1)
  7 iron dragons
  9 frost giants
  Louise (D:15)
  An angel (Abyss:3)
  5 ghost moths
  4 draconian scorchers
  6 draconian shifters
  3 curse skulls (Crypt:2)
  3 spectral caustic shrikes (Depths:2)
  6 ghouls
  15 ironbound preservers
  8 draconian annihilators
  2 spriggan defenders (Depths:4)
  4 war gargoyles
  3 draconian stormcallers
  A reaper (Depths:3)
  25 very ugly things
  16 stone giants
  2 juggernaut skeletons
  2 deep elf demonologists
  10 bennus
  11 black draconians
  11 vampire knights
  10 ironbound thunderhulks
  2 deep elf annihilators
  8 green draconians
  9 purple draconians
  A putrid mouth (Depths:3)
  12 dire elephants
  A rockslime zombie (Crypt:2)
  7 spark wasps
  11 yellow draconians
  9 white draconians
  Snorg (D:13)
  12 red draconians
  13 ettins
  2 deep elf death magi
  A green death (Abyss:3)
  10 mummy priests
  2 entropy weavers
  A crystal guardian (Vaults:4)
  Josephine (D:13)
  17 jiangshi
  9 fire dragons
  2 deep elf high priests
  9 merfolk javelineers
  3 rakshasas
  13 yaktaur captains
  A spectral spriggan (Crypt:3)
  Fannar (Lair:2)
  11 merfolk impalers
  7 hydras
  33 vault guards
  4 great orbs of eyes
  2 peacekeepers
  3 alligator snapping turtles
  6 spriggan air magi
  3 ironbound frosthearts
  2 catoblepae
  5 death knights
  2 ogre magi
  7 salamander tyrants
  17 naga warriors
  Erica (D:8)
  12 ice dragons
  3 merfolk avatars
  6 anacondas
  A spriggan skeleton (Tomb:3)
  9 death yaks
  25 centaur warriors
  11 deep troll earth magi
  12 boulder beetles
  7 two-headed ogres
  2 satyrs (Shoals:3)
  2 merfolk aquamancers
  46 death scarabs
  4 deep troll shamans
  A satyr (shapeshifter) (Vaults:5)
  6 spriggan berserkers
  A thrashing horror (Abyss:3)
  4 vampire magi
  9 naga sharpshooters
  4 orc high priests
  8 tengu warriors
  A wretched star (Abyss:3)
  A spriggan (Depths:2)
  An emperor scorpion zombie (Crypt:1)
  10 shock serpents
  24 hell knights
  3 shadow wraiths
  57 skeletal warriors
  Amaemon (Lair:2)
  9 iron trolls
  9 sea snakes
  Lodul (D:10)
  4 salamander mystics
  6 flayed ghosts
  48 deep trolls
  8 naga ritualists
  11 lindwurms
  5 glowing orange brains
  19 ironbound convokers
  4 deep elf pyromancers
  20 phantasmal warriors
  A bog body (Crypt:2)
  12 necromancers
  7 wizards
  Pikel (D:4)
  A shadow dragon zombie (Crypt:1)
  4 orc knights (Orc:2)
  7 mana vipers
  14 salamanders
  27 harpies
  16 manticores
  6 cyclopes
  37 ugly things
  3 fauns
  A worldbinder (Abyss:3)
  A moth of wrath (shapeshifter) (Depths:4)
  19 moths of wrath
  13 merfolk sirens
  5 orc sorcerers
  10 elephants
  7 guardian serpents
  A goliath frog skeleton (Crypt:1)
  A guardian serpent (shapeshifter) (D:13)
  18 naga magi
  A titan simulacrum (Crypt:1)
  A rust devil (Abyss:3)
  21 black mambas
  Joseph (D:10)
  A stone giant skeleton (Crypt:1)
  3 molten gargoyles (Lair:5)
  4 water nymphs
  An alligator snapping turtle zombie (Crypt:1)
  9 cane toads
  20 vault sentinels
  2 orange demons
  A rime drake (shapeshifter) (D:13)
  An unseen horror (shapeshifter) (D:13)
  2 rime drakes
  An efreet (D:13)
  8 unseen horrors
  An iron troll zombie (Crypt:1)
  3 tormentors (Depths:3)
  8 freezing wraiths
  32 yaktaurs
  A kobold demonologist (D:11)
  A spectral harpy (Crypt:3)
  9 komodo dragons
  3 hellwings (Abyss:3)
  4 ancient zymes (Abyss:3)
  A yellow draconian skeleton (Crypt:1)
  5 tengu conjurers
  24 guardian mummies
  12 trolls
  A harpy zombie (Crypt:2)
  39 merfolk
  A hornet (Depths:2)
  3 harpy skeletons
  6 wind drakes
  7 snapping turtles
  5 blink frogs (Lair:5)
  15 dream sheep
  69 flying skulls
  8 slime creatures
  Sigmund (D:5)
  5 shadows
  32 yaks
  8 wyverns
  An ettin skeleton (Crypt:1)
  A guardian serpent skeleton (Crypt:1)
  An ushabti (Tomb:2)
  A black mamba zombie (Crypt:1)
  10 wraiths
  6 large abominations
  11 water elementals
  9 basilisks
  A basilisk (shapeshifter) (D:13)
  3 chaos spawn (Depths:3)
  2 steam dragons
  A catoblepas simulacrum (Crypt:1)
  A redback (shapeshifter) (D:13)
  9 vampire mosquitoes
  A faun zombie (Crypt:2)
  3 naga zombies
  2 acid dragons
  40 nagas
  Edmund (D:4)
  3 swamp worms (shapeshifter)
  16 water moccasins
  Duvessa (D:7)
  3 hell hounds (Lair:5)
  3 black bears
  A swamp drake (D:12)
  28 orc warriors
  2 ice beasts
  2 sky beasts
  A black mamba simulacrum (Crypt:1)
  13 boggarts
  9 wolves
  23 ogres
  6 centaurs
  A lemure (D:4)
  A dream sheep skeleton (Crypt:2)
  14 bullfrogs
  A glowing shapeshifter simulacrum (Vaults:4)
  2 kobold brigands
  7 necrophages
  Blork the orc (D:4)
  A scorpion (shapeshifter) (Depths:3)
  A scorpion (D:5)
  15 wights
  8 small abominations
  A yak zombie (Crypt:2)
  3 jellies
  Dowan (D:7)
  5 killer bees (D:11)
  A polar bear skeleton (Crypt:2)
  6 electric eels
  3 howler monkeys (D:12)
  9 lava snakes
  2 quasits (Abyss:3)
  A centaur skeleton (Crypt:1)
  4 hounds
  19 orc priests
  2 iguanas
  Ijyb (D:3)
  Terence (D:2)
  19 orc wizards
  An ogre skeleton (Crypt:1)
  17 mummies
  4 adders
  A shadow imp (D:6)
  2 white imps
  2 ufetubi
  A lava snake zombie (Crypt:1)
  2 worms (D:3)
  2 dart slugs
  63 orcs
  4 ball pythons
  6 bats
  7 endoplasms
  5 giant cockroaches
  7 goblins
  7 hobgoblins
  4 jackals (D:3)
  16 kobolds
  2 quokkas
  An endoplasm zombie (Crypt:2)
  A frilled lizard (D:3)
  10 rats
  9 tentacles
2156 creatures vanquished.

Vanquished Creatures (others)
  A merfolk impaler (Shoals:4)
  A merfolk avatar (Shoals:4)
  A water nymph (Shoals:4)
  A tengu conjurer (Depths:1)
  A wind drake (Shoals:4)
  A wolf (Vaults:4)
  An ogre (Vaults:5)
  7 fungi
  23 plants
  11 tentacles
  34 withered plants (Crypt:2)
82 creatures vanquished.

Grand Total: 2238 creatures vanquished

Notes
Turn   | Place    | Note
-------+----------+-------------------------------------------
     0 | D:1      | qw the Gargoyle Fighter began the quest for the Orb.
     0 | D:1      | Reached XP level 1. HP: 14/14 MP: 1/1
     0 | D:1      | 0 ||| qw: Version: 0.2-a-10-g399e6c4
     0 | D:1      | 0 ||| qw: Game counter: 172
     0 | D:1      | 0 ||| qw: Always use a shield: true
     0 | D:1      | 0 ||| qw: God list: Okawaru
     0 | D:1      | 0 ||| qw: Allow faded altars: false
     0 | D:1      | 0 ||| qw: Do Orc after D:15 true
     0 | D:1      | 0 ||| qw: Do second Lair branch before Depths: true
     0 | D:1      | 0 ||| qw: Lair rune preference: random
     0 | D:1      | 0 ||| qw: Plans: Normal, Zot:1-4, God:TSO, Crypt, Tomb,
                  | Pan, Slime:5, Hells, Abyss, Orb
     0 | D:1      | 0 ||| PLANNING D:1-11
   256 | D:1      | Reached XP level 2. HP: 18/19 MP: 2/2
   368 | D:1      | 368 ||| Stepping ~*~*~tactically~*~*~ (stealth).
   412 | D:1      | Found Ebbomm's Book Emporium.
   981 | D:1      | 981 ||| UPGRADING to +0 tower shield.
   991 | D:1      | 991 ||| DROPPING +0 buckler.
   992 | D:1      | 992 ||| READING 2 scrolls labelled GUOGUR DESEU.
   993 | D:1      | 993 ||| READING scroll labelled FAKKUPP GAEGAF.
   994 | D:1      | 994 ||| READING scroll labelled UTARRU OREQ.
   995 | D:1      | 995 ||| DRINKING 2 yellow potions.
   996 | D:1      | 996 ||| DRINKING 2 fizzy red potions.
   997 | D:1      | 997 ||| DRINKING 2 amethyst potions.
   998 | D:1      | 998 ||| DROPPING scroll of poison.
   999 | D:1      | 999 ||| DROPPING potion of magic.
  1020 | D:2      | Found a faded altar of an unknown god.
  1089 | D:2      | Reached XP level 3. HP: 16/23 MP: 3/3
  1190 | D:2      | Identified the +2 chain mail "Muoha" {rC+ Str-4 Dex+8}
  1427 | D:2      | Noticed Terence
  1434 | D:2      | Killed Terence
  1522 | D:2      | Reached XP level 4. HP: 19/28 MP: 4/4
  1663 | D:2      | 1663 ||| DROPPING +0 club.
  1896 | D:2      | 1896 ||| UPGRADING to +2 chain mail "Muoha" {rC+ Str-4
                  | Dex+8}.
  1906 | D:2      | 1906 ||| DROPPING +0 scale mail.
  1907 | D:2      | 1907 ||| DROPPING ring of flight.
  1908 | D:2      | 1908 ||| READING scroll labelled JOSYRIUGIS.
  1909 | D:2      | 1909 ||| READING 3 scrolls labelled ENWYGRU FIUT OPP.
  2014 | D:3      | 2014 ||| DROPPING +0 whip.
  2041 | D:3      | Noticed an ice beast
  2049 | D:3      | Killed an ice beast
  2050 | D:3      | Reached XP level 5. HP: 32/32 MP: 5/5
  2052 | D:3      | 2052 ||| DROPPING +0 flail.
  2075 | D:3      | Reached skill level 3 in Axes
  2080 | D:3      | Reached skill level 6 in Shields
  2089 | D:3      | Noticed Ijyb
  2093 | D:3      | 2093 ||| DRINKING 3 potions of curing.
  2093 | D:3      | 2093 ||| (to cure confusion)
  2099 | D:3      | 2099 ||| DRINKING 2 potions of curing.
  2099 | D:3      | 2099 ||| (to cure confusion)
  2103 | D:3      | Killed Ijyb
  2279 | D:3      | Found Toox's Magic Scroll Shop.
  2288 | D:3      | 2288 ||| BUYING 2 scrolls of enchant armour (165 gold).
  2288 | D:3      | Bought 2 scrolls of enchant armour for 165 gold pieces
  2288 | D:3      | 2288 ||| SHOPLISTING scroll of acquirement (572 gold, have
                  | 23).
  2288 | D:3      | 2288 ||| BUYING scroll of identify (22 gold).
  2288 | D:3      | Bought a scroll of identify for 22 gold pieces
  2288 | D:3      | 2288 ||| SHOPLISTING scroll of identify (22 gold, have 1).
  2290 | D:3      | 2290 ||| Stepping ~*~*~tactically~*~*~ (stealth).
  2441 | D:3      | Identified the amulet "Urolumot" {Acrobat rElec rCorr Str-4
                  | Slay+4}
  2542 | D:3      | Reached XP level 6. HP: 37/37 MP: 6/6
  2753 | D:3      | 2753 ||| UPGRADING to +0 helmet.
  2758 | D:3      | 2758 ||| READING 2 scrolls of enchant armour.
  2758 | D:3      | 2758 ||| ENCHANTING +0 helmet.
  2759 | D:3      | 2759 ||| READING scroll of enchant armour.
  2759 | D:3      | 2759 ||| ENCHANTING +1 helmet.
  2760 | D:3      | 2760 ||| UPGRADING to amulet "Urolumot" {Acrobat rElec
                  | rCorr Str-4 Slay+4}.
  2765 | D:3      | 2765 ||| UPGRADING to +6 ring of strength.
  2766 | D:3      | 2766 ||| READING scroll labelled SYOBLI AH TOGU.
  2767 | D:3      | 2767 ||| READING scroll labelled VEYNOI XUNA.
  2768 | D:3      | 2768 ||| READING scroll labelled VIALURADUA.
  2769 | D:3      | 2769 ||| READING scroll labelled ZUZIAS PECZA.
  2870 | D:3      | 2870 ||| READING 2 scrolls of identify.
  2870 | D:3      | 2870 ||| IDENTIFYING sedimented inky potion
  2871 | D:3      | 2871 ||| DROPPING potion of brilliance.
  2914 | D:4      | Found a staircase to the Ecumenical Temple.
  2915 | D:4      | 2915 ||| PLANNING TEMPLE
  2924 | Temple   | Entered the Ecumenical Temple
  2986 | Temple   | 2986 ||| PLANNING OKAWARU WORSHIP
  3113 | Temple   | Became a worshipper of Warmaster Okawaru
  3114 | Temple   | 3114 ||| PLANNING D:1-11
  3254 | D:4      | 3254 ||| Stepping ~*~*~tactically~*~*~ (stealth).
  3280 | D:4      | Noticed Pikel
  3291 | D:4      | Killed Pikel
  3291 | D:4      | Reached * piety under Okawaru
  3292 | D:4      | Reached skill level 9 in Shields
  3292 | D:4      | Reached XP level 7. HP: 28/41 MP: 7/7
  3473 | D:4      | Noticed Blork the orc
  3474 | D:4      | 3474 ||| INVOKING Heroism.
  3481 | D:4      | Killed Blork the orc
  3482 | D:4      | Reached skill level 1 in Invocations
  3523 | D:4      | Noticed Edmund
  3524 | D:4      | 3524 ||| INVOKING Heroism.
  3536 | D:4      | 3536 ||| INVOKING Heroism.
  3537 | D:4      | Killed Edmund
  3538 | D:4      | Reached XP level 8. HP: 46/46 MP: 4/9
  3749 | D:4      | Found a burning altar of Makhleb.
  3750 | D:4      | Found a basalt altar of Yredelemnul.
  3755 | D:4      | Found a radiant altar of Vehumet.
  3938 | D:4      | 3938 ||| READING 5 scrolls of identify.
  3938 | D:4      | 3938 ||| IDENTIFYING smoky yellow potion
  3939 | D:4      | 3939 ||| READING 4 scrolls of identify.
  3939 | D:4      | 3939 ||| IDENTIFYING murky golden potion
  3940 | D:4      | 3940 ||| READING 3 scrolls of identify.
  3940 | D:4      | 3940 ||| IDENTIFYING murky clear potion
  3941 | D:4      | 3941 ||| DROPPING potion of degeneration.
  3954 | D:5      | Entered Level 5 of the Dungeon
  4121 | D:5      | 4121 ||| INVOKING Heroism.
  4128 | D:5      | Reached skill level 3 in Invocations
  4185 | D:5      | Noticed Sigmund
  4186 | D:5      | 4186 ||| INVOKING Heroism.
  4190 | D:5      | Killed Sigmund
  4191 | D:5      | Reached skill level 1 in Dodging
  4219 | D:5      | Reached ** piety under Okawaru
  4473 | D:5      | 4473 ||| Stepping ~*~*~tactically~*~*~ (stealth).
  4475 | D:5      | 4475 ||| Stepping ~*~*~tactically~*~*~ (stealth).
  4753 | D:5      | 4753 ||| UPGRADING to +0 pair of gloves.
  4758 | D:5      | 4758 ||| DROPPING ring of magical power.
  4759 | D:5      | 4759 ||| READING scroll labelled WAFFAC GIPOONE.
  4759 | D:5      | Identified a scroll of acquirement
  4759 | D:5      | 4759 ||| ACQUIRING +6 ring of dexterity
  4759 | D:5      | Acquired a +6 ring of dexterity
  4761 | D:5      | 4761 ||| UPGRADING to +6 ring of dexterity.
  4762 | D:5      | 4762 ||| READING scroll labelled COMNEM MOXKUI.
  4763 | D:5      | 4763 ||| READING 2 scrolls labelled UWKEINT ZIASH.
  4764 | D:5      | 4764 ||| READING 3 scrolls of identify.
  4764 | D:5      | 4764 ||| IDENTIFYING emerald potion
  4765 | D:5      | 4765 ||| DROPPING scroll of fog.
  4810 | D:5      | 4810 ||| STAIRDANCE
  4814 | D:5      | 4814 ||| STAIRDANCE
  4818 | D:5      | 4818 ||| STAIRDANCE
  4822 | D:5      | 4822 ||| STAIRDANCE
  4826 | D:5      | 4826 ||| STAIRDANCE
  4830 | D:5      | 4830 ||| STAIRDANCE
  4834 | D:5      | 4834 ||| STAIRDANCE
  4838 | D:5      | 4838 ||| STAIRDANCE
  4842 | D:5      | 4842 ||| STAIRDANCE
  4846 | D:5      | 4846 ||| STAIRDANCE
  4850 | D:5      | 4850 ||| STAIRDANCE
  4854 | D:5      | 4854 ||| STAIRDANCE
  4858 | D:5      | 4858 ||| STAIRDANCE
  4862 | D:5      | 4862 ||| STAIRDANCE
  4866 | D:5      | 4866 ||| STAIRDANCE
  4870 | D:5      | 4870 ||| STAIRDANCE
  4874 | D:5      | 4874 ||| STAIRDANCE
  4878 | D:5      | 4878 ||| STAIRDANCE
  4882 | D:5      | 4882 ||| STAIRDANCE
  4886 | D:5      | 4886 ||| STAIRDANCE
  5180 | D:6      | Noticed a troll
  5181 | D:6      | 5181 ||| INVOKING Heroism.
  5191 | D:6      | 5191 ||| INVOKING Heroism.
  5193 | D:6      | Killed a troll
  5194 | D:6      | Reached skill level 5 in Fighting
  5194 | D:6      | Reached XP level 9. HP: 30/54 MP: 8/12
  5338 | D:6      | 5338 ||| INVOKING Heroism.
  5398 | D:6      | 5398 ||| Stepping ~*~*~tactically~*~*~ (hiding).
  5399 | D:6      | 5399 ||| INVOKING Heroism.
  5410 | D:6      | Reached skill level 6 in Axes
  5429 | D:6      | 5429 ||| Stepping ~*~*~tactically~*~*~ (stealth).
  5431 | D:6      | 5431 ||| INVOKING Heroism.
  5468 | D:6      | 5468 ||| Stepping ~*~*~tactically~*~*~ (stealth).
  5470 | D:6      | 5470 ||| Stepping ~*~*~tactically~*~*~ (hiding).
  5742 | D:6      | Found a bloodstained altar of Trog.
  5769 | D:6      | 5769 ||| INVOKING Heroism.
  5803 | D:6      | 5803 ||| INVOKING Heroism.
  5898 | D:6      | 5898 ||| INVOKING Heroism.
  5947 | D:6      | 5947 ||| UPGRADING to +0 pair of boots.
  5952 | D:6      | 5952 ||| DROPPING +6 ring of intelligence.
  5953 | D:6      | 5953 ||| DROPPING ring of positive energy.
  5954 | D:6      | 5954 ||| READING scroll labelled WOOHEU JEUR.
  5955 | D:6      | 5955 ||| READING 2 scrolls of identify.
  5955 | D:6      | 5955 ||| IDENTIFYING glowing brown potion
  6020 | D:7      | 6020 ||| INVOKING Heroism.
  6022 | D:7      | 6022 ||| Stepping ~*~*~tactically~*~*~ (stealth).
  6038 | D:7      | 6038 ||| Stepping ~*~*~tactically~*~*~ (hiding).
  6060 | D:7      | 6060 ||| INVOKING Heroism.
  6154 | D:7      | 6154 ||| READING 2 scrolls of enchant armour.
  6154 | D:7      | 6154 ||| ENCHANTING +0 pair of gloves.
  6155 | D:7      | 6155 ||| READING scroll of enchant armour.
  6155 | D:7      | 6155 ||| ENCHANTING +1 pair of gloves.
  6283 | D:7      | 6283 ||| INVOKING Heroism.
  6367 | D:7      | 6367 ||| INVOKING Heroism.
  6379 | D:7      | Reached *** piety under Okawaru
  6380 | D:7      | Reached skill level 1 in Throwing
  6419 | D:7      | 6419 ||| READING scroll of brand weapon.
  6419 | D:7      | 6419 ||| BRANDING +1 war axe of freezing.
  6615 | D:7      | Noticed Dowan
  6615 | D:7      | Noticed Duvessa
  6616 | D:7      | 6616 ||| Stepping ~*~*~tactically~*~*~ (hiding).
  6619 | D:7      | 6619 ||| INVOKING Heroism.
  6623 | D:7      | Killed Duvessa
  6625 | D:7      | Killed Dowan
  6636 | D:7      | 6636 ||| UPGRADING to +4 ring of evasion.
  6638 | D:7      | 6638 ||| UPGRADING to +6 ring of strength.
  6640 | D:7      | 6640 ||| DROPPING +6 ring of dexterity.
  6641 | D:7      | 6641 ||| READING scroll labelled ABAINI IHUEKI.
  6642 | D:7      | 6642 ||| READING scroll labelled BAONEMAERGH.
  6653 | D:8      | 6653 ||| Stepping ~*~*~tactically~*~*~ (stealth).
  6656 | D:8      | 6656 ||| INVOKING Heroism.
  6660 | D:8      | Reached XP level 10. HP: 50/59 MP: 10/13
  6772 | D:8      | Found a staircase to the Lair.
  6772 | D:8      | Noticed an elephant
  6773 | D:8      | 6773 ||| Stepping ~*~*~tactically~*~*~ (stealth).
  6775 | D:8      | 6775 ||| Stepping ~*~*~tactically~*~*~ (hiding).
  6808 | D:8      | Killed an elephant
  6870 | D:8      | 6870 ||| Stepping ~*~*~tactically~*~*~ (stealth).
  6883 | D:8      | Reached **** piety under Okawaru
  7243 | D:8      | Noticed Erica
  7250 | D:8      | Killed Erica
  7251 | D:8      | Reached skill level 6 in Fighting
  7298 | D:8      | 7298 ||| Stepping ~*~*~tactically~*~*~ (hiding).
  7300 | D:8      | 7300 ||| Stepping ~*~*~tactically~*~*~ (hiding).
  7301 | D:8      | 7301 ||| INVOKING Heroism.
  7371 | D:8      | Reached skill level 6 in Invocations
  7520 | D:8      | 7520 ||| PLANNING LAIR
  7520 | D:8      | 7520 ||| READING 2 scrolls of identify.
  7520 | D:8      | 7520 ||| IDENTIFYING fizzy brown potion
  7521 | D:8      | 7521 ||| DROPPING potion of flight.
  7572 | Lair:1   | Entered Level 1 of the Lair of Beasts
  7573 | Lair:1   | 7573 ||| INVOKING Heroism.
  7586 | Lair:1   | Reached skill level 9 in Axes
  7586 | Lair:1   | Reached XP level 11. HP: 60/66 MP: 13/16
  7623 | Lair:1   | 7623 ||| INVOKING Heroism.
  7631 | Lair:1   | Reached ***** piety under Okawaru
  7667 | Lair:1   | Identified the +3 halberd of a sewer {venom, MP+9 Stlth+}
  7674 | Lair:1   | 7674 ||| Stepping ~*~*~tactically~*~*~ (stealth).
  7676 | Lair:1   | 7676 ||| INVOKING Heroism.
  7779 | Lair:1   | 7779 ||| INVOKING Heroism.
  7783 | Lair:1   | 7783 ||| Stepping ~*~*~tactically~*~*~ (water).
  7877 | Lair:1   | 7877 ||| INVOKING Heroism.
  7994 | Lair:1   | 7994 ||| INVOKING Heroism.
  8164 | Lair:1   | 8164 ||| Stepping ~*~*~tactically~*~*~ (stealth).
  8165 | Lair:1   | 8165 ||| Stepping ~*~*~tactically~*~*~ (stealth).
  8223 | Lair:1   | 8223 ||| INVOKING Heroism.
  8224 | Lair:1   | Received a gift from Okawaru
  8230 | Lair:1   | Reached skill level 9 in Invocations
  8236 | Lair:1   | Reached skill level 12 in Shields
  8237 | Lair:1   | 8237 ||| SWAPPING to +4 vampiric broad axe.
  8238 | Lair:1   | 8238 ||| DROPPING +1 spectral war axe.
  8453 | Lair:1   | 8453 ||| DROPPING amulet of guardian spirit.
  8454 | Lair:1   | 8454 ||| DRINKING 2 fuming yellow potions.
  8645 | Lair:2   | Noticed a four-headed hydra
  8646 | Lair:2   | 8646 ||| INVOKING Heroism.
  8647 | Lair:2   | 8647 ||| INVOKING Finesse.
  8649 | Lair:2   | 8649 ||| SWAPPING to +0 morningstar.
  8659 | Lair:2   | Killed a four-headed hydra
  8660 | Lair:2   | Reached skill level 7 in Fighting
  8660 | Lair:2   | 8660 ||| SWAPPING to +4 vampiric broad axe.
  8717 | Lair:2   | Noticed Amaemon
  8718 | Lair:2   | 8718 ||| INVOKING Heroism.
  8744 | Lair:2   | Killed Amaemon
  8756 | Lair:2   | 8756 ||| DROPPING +0 morningstar.
  8913 | Lair:2   | Noticed Fannar
  8914 | Lair:2   | 8914 ||| Stepping ~*~*~tactically~*~*~ (hiding).
  8929 | Lair:2   | Killed Fannar
  8930 | Lair:2   | Reached XP level 12. HP: 60/72 MP: 19/19
  9165 | Lair:2   | 9165 ||| READING scroll of acquirement.
  9165 | Lair:2   | 9165 ||| ACQUIRING -2 pair of gloves "Jusiviut" {rF+ rC+
                  | Int+3}
  9165 | Lair:2   | Acquired the -2 pair of gloves "Jusiviut" {rF+ rC+ Int+3}
  9706 | Lair:3   | 9706 ||| INVOKING Heroism.
  9722 | Lair:3   | Received a gift from Okawaru
  9723 | Lair:3   | Found a staircase to the Shoals.
  9818 | Lair:3   | 9818 ||| Stepping ~*~*~tactically~*~*~ (stealth).
  9820 | Lair:3   | 9820 ||| INVOKING Heroism.
  9869 | Lair:3   | 9869 ||| INVOKING Heroism.
  9871 | Lair:3   | Noticed a five-headed hydra
  9872 | Lair:3   | 9872 ||| INVOKING Finesse.
  9876 | Lair:3   | 9876 ||| SWAPPING to -1 demon whip of venom.
  9880 | Lair:3   | 9880 ||| Stepping ~*~*~tactically~*~*~ (outnumbered).
  9891 | Lair:3   | Killed a five-headed hydra
  9892 | Lair:3   | Reached skill level 6 in Armour
  9892 | Lair:3   | 9892 ||| FLEEEEING.
  9893 | Lair:3   | 9893 ||| FLEEEEING.
  9894 | Lair:3   | 9894 ||| FLEEEEING.
  9895 | Lair:3   | 9895 ||| FLEEEEING.
  9896 | Lair:3   | 9896 ||| FLEEEEING.
  9897 | Lair:3   | 9897 ||| SWAPPING to +4 vampiric broad axe.
 10193 | Lair:3   | 10193 ||| INVOKING Heroism.
 10239 | Lair:3   | Noticed a seven-headed hydra
 10240 | Lair:3   | 10240 ||| INVOKING Heroism.
 10241 | Lair:3   | 10241 ||| INVOKING Finesse.
 10243 | Lair:3   | 10243 ||| SWAPPING to -1 demon whip of venom.
 10251 | Lair:3   | Killed a seven-headed hydra
 10252 | Lair:3   | 10252 ||| SWAPPING to +4 vampiric broad axe.
 10308 | Lair:3   | Reached skill level 8 in Fighting
 10362 | Lair:3   | Found a staircase to the Snake Pit.
 10363 | Lair:3   | 10363 ||| Stepping ~*~*~tactically~*~*~ (hiding).
 10486 | Lair:3   | 10486 ||| Stepping ~*~*~tactically~*~*~ (stealth).
 10489 | Lair:3   | 10489 ||| Stepping ~*~*~tactically~*~*~ (stealth).
 10493 | Lair:3   | 10493 ||| INVOKING Heroism.
 10494 | Lair:3   | 10494 ||| Stepping ~*~*~tactically~*~*~ (stealth).
 10495 | Lair:3   | Identified the +7 hand crossbow of the Growing Gods {elec,
                  | rF- rC++} (Okawaru gifted it to you on level 3 of the Lair
                  | of Beasts)
 10495 | Lair:3   | Received a gift from Okawaru
 10502 | Lair:3   | Reached skill level 3 in Dodging
 10629 | Lair:3   | 10629 ||| Stepping ~*~*~tactically~*~*~ (stealth).
 10634 | Lair:3   | 10634 ||| INVOKING Heroism.
 10874 | Lair:4   | 10874 ||| STAIRDANCE
 10880 | Lair:4   | 10880 ||| STAIRDANCE
 10890 | Lair:4   | 10890 ||| INVOKING Heroism.
 10962 | Lair:4   | Noticed an eight-headed hydra
 10963 | Lair:4   | 10963 ||| INVOKING Heroism.
 10964 | Lair:4   | 10964 ||| Stepping ~*~*~tactically~*~*~ (stealth).
 10964 | Lair:4   | Noticed a catoblepas
 10965 | Lair:4   | 10965 ||| SWAPPING to -1 demon whip of venom.
 10966 | Lair:4   | 10966 ||| INVOKING Finesse.
 10971 | Lair:4   | Killed an eight-headed hydra
 10972 | Lair:4   | Reached skill level 3 in Throwing
 10972 | Lair:4   | 10972 ||| SWAPPING to +4 vampiric broad axe.
 10975 | Lair:4   | Noticed a death yak
 10988 | Lair:4   | Killed a catoblepas
 10990 | Lair:4   | Noticed a death yak
 10992 | Lair:4   | Noticed a death yak
 10992 | Lair:4   | Noticed a death yak
 10997 | Lair:4   | Killed a death yak
 10998 | Lair:4   | Reached XP level 13. HP: 75/78 MP: 14/20
 11016 | Lair:4   | Received a gift from Okawaru
 11017 | Lair:4   | Reached skill level 9 in Fighting
 11159 | Lair:4   | 11159 ||| Stepping ~*~*~tactically~*~*~ (hiding).
 11405 | Lair:4   | You fall into a shaft and drop 1 floor!
 11405 | Lair:5   | Entered Level 5 of the Lair of Beasts
 11424 | Lair:5   | 11424 ||| INVOKING Heroism.
 11517 | Lair:5   | Found a staircase to the Slime Pits.
 11518 | Lair:5   | Found a viscous altar of Jiyva.
 11570 | Lair:5   | 11570 ||| INVOKING Heroism.
 11582 | Lair:5   | 11582 ||| Stepping ~*~*~tactically~*~*~ (stealth).
 11583 | Lair:5   | 11583 ||| Stepping ~*~*~tactically~*~*~ (stealth).
 11590 | Lair:5   | 11590 ||| Stepping ~*~*~tactically~*~*~ (hiding).
 11720 | Lair:5   | 11720 ||| DROPPING +2 helmet of intelligence.
 11721 | Lair:5   | 11721 ||| READING 8 scrolls of identify.
 11721 | Lair:5   | 11721 ||| IDENTIFYING viscous green potion
 11728 | Lair:5   | 11728 ||| Stepping ~*~*~tactically~*~*~ (stealth).
 11730 | Lair:5   | 11730 ||| Stepping ~*~*~tactically~*~*~ (stealth).
 11732 | Lair:5   | 11732 ||| INVOKING Heroism.
 11830 | Lair:4   | 11830 ||| Stepping ~*~*~tactically~*~*~ (stealth).
 11839 | Lair:4   | 11839 ||| INVOKING Heroism.
 11841 | Lair:4   | Reached skill level 12 in Axes
 12185 | Lair:5   | 12185 ||| INVOKING Heroism.
 12186 | Lair:5   | HP: 14/80 [molten gargoyle/bolt of magma (29)]
 12187 | Lair:5   | 12187 ||| READING 7 scrolls of teleportation.
 12188 | Lair:5   | 12188 ||| DRINKING 3 potions of heal wounds.
 12600 | Lair:5   | 12600 ||| INVOKING Heroism.
 12627 | Lair:5   | 12627 ||| Stepping ~*~*~tactically~*~*~ (stealth).
 12629 | Lair:5   | 12629 ||| Stepping ~*~*~tactically~*~*~ (stealth).
 12696 | Lair:5   | 12696 ||| INVOKING Heroism.
 12699 | Lair:5   | 12699 ||| Stepping ~*~*~tactically~*~*~ (cloud).
 12786 | Lair:5   | Noticed a fire dragon
 12787 | Lair:5   | Found a large runed translucent door.
 12807 | Lair:5   | 12807 ||| INVOKING Heroism.
 12811 | Lair:5   | 12811 ||| Stepping ~*~*~tactically~*~*~ (hiding).
 12855 | Lair:5   | Found a large runed translucent door.
 12869 | Lair:5   | Reached ****** piety under Okawaru
 12871 | Lair:5   | 12871 ||| INVOKING Heroism.
 12902 | Lair:5   | Received a gift from Okawaru
 13169 | Lair:5   | 13169 ||| PLANNING D:1-11
 13169 | Lair:5   | 13169 ||| READING 7 scrolls of identify.
 13169 | Lair:5   | 13169 ||| IDENTIFYING grey potion
 13188 | Lair:5   | 13188 ||| DROPPING potion of ambrosia.
 13412 | D:9      | Found a blossoming altar of Fedhas.
 13549 | D:9      | 13549 ||| Stepping ~*~*~tactically~*~*~ (hiding).
 13598 | D:9      | 13598 ||| Stepping ~*~*~tactically~*~*~ (stealth).
 13600 | D:9      | 13600 ||| Stepping ~*~*~tactically~*~*~ (hiding).
 13607 | D:9      | 13607 ||| INVOKING Heroism.
 13632 | D:9      | 13632 ||| READING scroll of enchant armour.
 13632 | D:9      | 13632 ||| ENCHANTING +0 pair of boots.
 13849 | D:9      | 13849 ||| Stepping ~*~*~tactically~*~*~ (stealth).
 13860 | D:9      | Reached skill level 10 in Fighting
 14183 | D:10     | Entered Level 10 of the Dungeon
 14210 | D:10     | Noticed Lodul
 14211 | D:10     | 14211 ||| INVOKING Heroism.
 14214 | D:10     | Gained mutation: Your large and strong wings let you fly.
                  | [Gargoyle growth]
 14214 | D:10     | Reached XP level 14. HP: 88/88 MP: 18/21
 14222 | D:10     | Killed Lodul
 14222 | D:10     | Received a gift from Okawaru
 14295 | D:10     | 14295 ||| Stepping ~*~*~tactically~*~*~ (stealth).
 14299 | D:10     | 14299 ||| Stepping ~*~*~tactically~*~*~ (stealth).
 14333 | D:10     | 14333 ||| INVOKING Heroism.
 14367 | D:10     | Noticed Joseph
 14377 | D:10     | Killed Joseph
 14565 | D:10     | 14565 ||| UPGRADING to +0 cloak.
 14570 | D:10     | 14570 ||| UPGRADING to +4 ring of protection.
 14572 | D:10     | 14572 ||| DROPPING +6 ring of strength.
 14573 | D:10     | 14573 ||| READING 6 scrolls of identify.
 14573 | D:10     | 14573 ||| IDENTIFYING metallic brown potion
 14574 | D:10     | 14574 ||| DROPPING potion of invisibility.
 14821 | D:11     | 14821 ||| Stepping ~*~*~tactically~*~*~ (stealth).
 14833 | D:11     | 14833 ||| Stepping ~*~*~tactically~*~*~ (stealth).
 14834 | D:11     | 14834 ||| Stepping ~*~*~tactically~*~*~ (stealth).
 14837 | D:11     | 14837 ||| Stepping ~*~*~tactically~*~*~ (stealth).
 14977 | D:11     | 14977 ||| INVOKING Heroism.
 15249 | D:11     | 15249 ||| FLEEEEING.
 15250 | D:11     | 15250 ||| FLEEEEING.
 15251 | D:11     | 15251 ||| FLEEEEING.
 15252 | D:11     | 15252 ||| FLEEEEING.
 15253 | D:11     | 15253 ||| FLEEEEING.
 15254 | D:11     | 15254 ||| FLEEEEING.
 15255 | D:11     | 15255 ||| FLEEEEING.
 15257 | D:11     | 15257 ||| FLEEEEING.
 15258 | D:11     | 15258 ||| FLEEEEING.
 15259 | D:11     | 15259 ||| FLEEEEING.
 15260 | D:11     | 15260 ||| FLEEEEING.
 15261 | D:11     | 15261 ||| FLEEEEING.
 15262 | D:11     | 15262 ||| FLEEEEING.
 15263 | D:11     | 15263 ||| FLEEEEING.
 15264 | D:11     | 15264 ||| FLEEEEING.
 15265 | D:11     | 15265 ||| FLEEEEING.
 15266 | D:11     | 15266 ||| FLEEEEING.
 15267 | D:11     | 15267 ||| STAIRDANCE
 15369 | D:10     | 15369 ||| DRINKING 2 fizzy ruby potions.
 15474 | D:10     | 15474 ||| DROPPING potion of berserk rage.
 15484 | D:11     | Reached skill level 9 in Armour
 15508 | D:11     | 15508 ||| PLANNING D
 15565 | D:12     | 15565 ||| Stepping randomly (disturbance).
 15566 | D:12     | 15566 ||| Stepping randomly (disturbance).
 15771 | D:12     | 15771 ||| INVOKING Heroism.
 16110 | D:12     | 16110 ||| INVOKING Heroism.
 16135 | D:12     | Reached skill level 15 in Shields
 16144 | D:12     | 16144 ||| INVOKING Heroism.
 16147 | D:12     | Received a gift from Okawaru
 16373 | D:12     | 16373 ||| Stepping ~*~*~tactically~*~*~ (stealth).
 16374 | D:12     | 16374 ||| Stepping ~*~*~tactically~*~*~ (stealth).
 16379 | D:12     | 16379 ||| Stepping ~*~*~tactically~*~*~ (stealth).
 16439 | D:12     | 16439 ||| Stepping ~*~*~tactically~*~*~ (stealth).
 16512 | D:12     | 16512 ||| Stepping ~*~*~tactically~*~*~ (stealth).
 16520 | D:12     | 16520 ||| Stepping ~*~*~tactically~*~*~ (stealth).
 16927 | D:12     | 16927 ||| Stepping ~*~*~tactically~*~*~ (stealth).
 16928 | D:12     | 16928 ||| INVOKING Heroism.
 16929 | D:12     | 16929 ||| INVOKING Finesse.
 16998 | D:12     | 16998 ||| INVOKING Heroism.
 17043 | D:12     | 17043 ||| Stepping ~*~*~tactically~*~*~ (stealth).
 17044 | D:12     | 17044 ||| Stepping ~*~*~tactically~*~*~ (stealth).
 17048 | D:12     | 17048 ||| Stepping ~*~*~tactically~*~*~ (stealth).
 17049 | D:12     | 17049 ||| Stepping ~*~*~tactically~*~*~ (hiding).
 17052 | D:12     | 17052 ||| Stepping ~*~*~tactically~*~*~ (hiding).
 17053 | D:12     | Found a staircase to the Orcish Mines.
 17062 | D:12     | 17062 ||| FLEEEEING.
 17063 | D:12     | 17063 ||| FLEEEEING.
 17064 | D:12     | 17064 ||| FLEEEEING.
 17065 | D:12     | 17065 ||| FLEEEEING.
 17273 | D:13     | 17273 ||| INVOKING Heroism.
 17274 | D:13     | 17274 ||| INVOKING Finesse.
 17461 | D:13     | Noticed Snorg
 17463 | D:13     | 17463 ||| INVOKING Heroism.
 17464 | D:13     | 17464 ||| INVOKING Finesse.
 17471 | D:13     | Killed Snorg
 17567 | D:13     | 17567 ||| READING scroll of enchant weapon.
 17567 | D:13     | 17567 ||| ENCHANTING +4 vampiric broad axe.
 17630 | D:13     | 17630 ||| INVOKING Heroism.
 17631 | D:13     | 17631 ||| SWAPPING to -1 demon whip of venom.
 17632 | D:13     | 17632 ||| INVOKING Finesse.
 17640 | D:13     | 17640 ||| SWAPPING to +5 vampiric broad axe.
 17710 | D:13     | 17710 ||| INVOKING Heroism.
 17711 | D:13     | 17711 ||| INVOKING Finesse.
 17731 | D:13     | 17731 ||| INVOKING Heroism.
 17793 | D:13     | 17793 ||| READING scroll of enchant weapon.
 17793 | D:13     | 17793 ||| ENCHANTING +5 vampiric broad axe.
 17804 | D:13     | 17804 ||| INVOKING Heroism.
 17805 | D:13     | 17805 ||| INVOKING Finesse.
 17978 | D:13     | 17978 ||| Stepping ~*~*~tactically~*~*~ (hiding).
 17993 | D:13     | Found the +9 staff of Wucad Mu {*channel}
 18000 | D:13     | Reached skill level 11 in Fighting
 18003 | D:13     | Identified the +3 hand axe "Izxy" {pain, rPois Str+7
                  | Stlth-} (Okawaru gifted it to you on level 13 of the
                  | Dungeon)
 18003 | D:13     | Received a gift from Okawaru
 18026 | D:13     | Reached XP level 15. HP: 94/94 MP: 22/22
 18177 | D:13     | Noticed Josephine
 18180 | D:13     | 18180 ||| INVOKING Heroism.
 18187 | D:13     | Killed Josephine
 18237 | D:13     | You are sucked into a shaft and drop 1 floor!
 18302 | D:14     | 18302 ||| DROPPING ring of willpower.
 18457 | D:13     | 18457 ||| Stepping ~*~*~tactically~*~*~ (stealth).
 18482 | D:13     | Found a gate to the Vaults.
 18608 | D:14     | 18608 ||| INVOKING Heroism.
 18609 | D:14     | 18609 ||| STAIRDANCE
 18622 | D:14     | 18622 ||| STAIRDANCE
 18636 | D:14     | 18636 ||| STAIRDANCE
 18649 | D:14     | 18649 ||| STAIRDANCE
 18759 | D:14     | Identified the +2 hat "Bot Loacs" {Int+3} (Okawaru gifted
                  | it to you on level 14 of the Dungeon)
 18759 | D:14     | Received a gift from Okawaru
 18929 | D:14     | 18929 ||| Stepping ~*~*~tactically~*~*~ (stealth).
 19048 | D:14     | 19048 ||| READING scroll of enchant weapon.
 19048 | D:14     | 19048 ||| ENCHANTING +6 vampiric broad axe.
 19077 | D:14     | Identified the +8 flail "Testudinebane" {vorpal, rN+ Will-
                  | rCorr}
 19113 | D:14     | Identified the +7 sling "Ficouro" {flame, Fly rN+ rCorr
                  | Int-5}
 19117 | D:14     | 19117 ||| INVOKING Heroism.
 19118 | D:14     | 19118 ||| INVOKING Finesse.
 19127 | D:14     | Noticed Agnes
 19142 | D:14     | Killed Agnes
 19274 | D:14     | 19274 ||| DROPPING +2 hat "Bot Loacs" {Int+3}.
 19275 | D:14     | 19275 ||| DROPPING ring of see invisible.
 19316 | D:15     | Entered Level 15 of the Dungeon
 19316 | D:15     | Noticed Jorgrun
 19317 | D:15     | 19317 ||| INVOKING Heroism.
 19318 | D:15     | 19318 ||| STAIRDANCE
 19320 | D:14     | 19320 ||| INVOKING Finesse.
 19334 | D:14     | Killed Jorgrun
 19392 | D:15     | 19392 ||| STAIRDANCE
 19400 | D:15     | 19400 ||| Stepping ~*~*~tactically~*~*~ (hiding).
 19401 | D:15     | 19401 ||| Stepping ~*~*~tactically~*~*~ (hiding).
 19404 | D:15     | 19404 ||| INVOKING Heroism.
 19410 | D:15     | 19410 ||| INVOKING Finesse.
 19412 | D:15     | 19412 ||| Stepping ~*~*~tactically~*~*~ (hiding).
 19477 | D:15     | 19477 ||| INVOKING Heroism.
 19482 | D:15     | Reached skill level 15 in Axes
 19494 | D:15     | 19494 ||| Stepping ~*~*~tactically~*~*~ (stealth).
 19498 | D:15     | 19498 ||| INVOKING Finesse.
 19521 | D:15     | Noticed Louise
 19535 | Abyss:3  | Found a corrupted altar of Lugonu.
 19535 | Abyss:3  | Cast into level 3 of the Abyss (Louise)
 19541 | Abyss:3  | 19541 ||| Stepping ~*~*~tactically~*~*~ (stealth).
 19604 | Abyss:3  | Noticed an angel
 19617 | Abyss:3  | Killed an angel
 19649 | Abyss:3  | 19649 ||| Stepping ~*~*~tactically~*~*~ (stealth).
 19650 | Abyss:3  | 19650 ||| Stepping ~*~*~tactically~*~*~ (stealth).
 19651 | Abyss:3  | 19651 ||| Stepping ~*~*~tactically~*~*~ (stealth).
 19652 | Abyss:3  | 19652 ||| Stepping ~*~*~tactically~*~*~ (stealth).
 19663 | Abyss:3  | 19663 ||| INVOKING Heroism.
 19683 | Abyss:3  | Reached skill level 12 in Fighting
 19685 | Abyss:3  | 19685 ||| Stepping ~*~*~tactically~*~*~ (stealth).
 19741 | Abyss:3  | 19741 ||| Stepping ~*~*~tactically~*~*~ (stealth).
 19745 | Abyss:3  | 19745 ||| INVOKING Heroism.
 19753 | Abyss:3  | 19753 ||| Stepping ~*~*~tactically~*~*~ (hiding).
 19800 | Abyss:3  | Noticed a dread lich
 19801 | Abyss:3  | 19801 ||| Stepping ~*~*~tactically~*~*~ (stealth).
 19804 | Abyss:3  | 19804 ||| INVOKING Heroism.
 19805 | Abyss:3  | 19805 ||| INVOKING Finesse.
 19806 | Abyss:3  | Noticed a Hell Sentinel
 19813 | Abyss:3  | Noticed a balrug
 19817 | Abyss:3  | Killed a dread lich
 19867 | Abyss:3  | Received a gift from Okawaru
 19868 | Abyss:3  | 19868 ||| Stepping ~*~*~tactically~*~*~ (stealth).
 19870 | D:15     | Escaped the Abyss
 19871 | D:15     | 19871 ||| INVOKING Heroism.
 19872 | D:15     | 19872 ||| INVOKING Finesse.
 19883 | D:15     | Killed Louise
 19884 | D:15     | Reached XP level 16. HP: 90/101 MP: 16/23
 19908 | D:15     | 19908 ||| DROPPING -1 demon whip of venom.
 19947 | D:15     | 19947 ||| FLEEEEING.
 19948 | D:15     | 19948 ||| FLEEEEING.
 19958 | D:15     | 19958 ||| INVOKING Heroism.
 19959 | D:15     | 19959 ||| INVOKING Finesse.
 19960 | D:15     | 19960 ||| SWAPPING to +0 eveningstar of holy wrath.
 19961 | D:15     | 19961 ||| Stepping ~*~*~tactically~*~*~ (outnumbered).
 19962 | D:15     | 19962 ||| Stepping ~*~*~tactically~*~*~ (outnumbered).
 19963 | D:15     | 19963 ||| Stepping ~*~*~tactically~*~*~ (outnumbered).
 19964 | D:15     | 19964 ||| Stepping ~*~*~tactically~*~*~ (outnumbered).
 19965 | D:15     | 19965 ||| Stepping ~*~*~tactically~*~*~ (outnumbered).
 19969 | D:15     | 19969 ||| Stepping ~*~*~tactically~*~*~ (outnumbered).
 19970 | D:15     | 19970 ||| Stepping ~*~*~tactically~*~*~ (outnumbered).
 19971 | D:15     | 19971 ||| Stepping ~*~*~tactically~*~*~ (outnumbered).
 19972 | D:15     | 19972 ||| Stepping ~*~*~tactically~*~*~ (outnumbered).
 20013 | D:15     | Received a gift from Okawaru
 20037 | D:15     | 20037 ||| Stepping ~*~*~tactically~*~*~ (outnumbered).
 20040 | D:15     | Identified the +1 robe "Jifor" {-Tele rElec Regen+ Dex+4}
                  | (Okawaru gifted it to you on level 15 of the Dungeon)
 20040 | D:15     | Received a gift from Okawaru
 20040 | D:15     | HP: 20/101 [four-headed hydra simulacrum (12)]
 20041 | D:15     | 20041 ||| READING 6 scrolls of teleportation.
 20042 | D:15     | 20042 ||| DRINKING 5 potions of heal wounds.
 20043 | D:15     | 20043 ||| INVOKING Heroism.
 20046 | D:15     | 20046 ||| SWAPPING to +7 vampiric broad axe.
 20085 | D:15     | 20085 ||| INVOKING Heroism.
 20142 | D:15     | 20142 ||| Stepping ~*~*~tactically~*~*~ (stealth).
 20194 | D:15     | 20194 ||| Stepping ~*~*~tactically~*~*~ (stealth).
 20209 | D:15     | 20209 ||| Stepping ~*~*~tactically~*~*~ (stealth).
 20241 | D:15     | 20241 ||| Stepping ~*~*~tactically~*~*~ (hiding).
 20266 | D:15     | Found a staircase to the Depths.
 20437 | D:15     | Found a blossoming altar of Fedhas.
 20520 | D:15     | 20520 ||| PLANNING ORC
 20634 | Orc:1    | Entered Level 1 of the Orcish Mines
 20635 | Orc:1    | 20635 ||| INVOKING Heroism.
 20637 | Orc:1    | 20637 ||| INVOKING Finesse.
 20809 | Orc:1    | 20809 ||| Stepping ~*~*~tactically~*~*~ (hiding).
 20810 | Orc:1    | 20810 ||| Stepping ~*~*~tactically~*~*~ (hiding).
 20842 | Orc:2    | Entered Level 2 of the Orcish Mines
 20845 | Orc:2    | 20845 ||| Stepping ~*~*~tactically~*~*~ (hiding).
 20846 | Orc:2    | 20846 ||| Stepping ~*~*~tactically~*~*~ (hiding).
 21010 | Orc:2    | 21010 ||| INVOKING Heroism.
 21084 | Orc:2    | 21084 ||| INVOKING Heroism.
 21099 | Orc:2    | 21099 ||| INVOKING Finesse.
 21278 | Orc:2    | 21278 ||| Stepping ~*~*~tactically~*~*~ (hiding).
 21282 | Orc:2    | Found Leggul's Antique Weapon Emporium.
 21285 | Orc:2    | 21285 ||| INVOKING Heroism.
 21323 | Orc:2    | Found Ohuthrax's Assorted Antiques.
 21330 | Orc:2    | 21330 ||| BUYING potion of heal wounds (110 gold).
 21330 | Orc:2    | Bought a potion of heal wounds for 110 gold pieces
 21330 | Orc:2    | 21330 ||| BUYING potion of heal wounds (110 gold).
 21330 | Orc:2    | Bought a potion of heal wounds for 110 gold pieces
 21330 | Orc:2    | 21330 ||| BUYING scroll of teleportation (66 gold).
 21330 | Orc:2    | Bought a scroll of teleportation for 66 gold pieces
 21330 | Orc:2    | Found Rockeje's Weapon Shop.
 21332 | Orc:2    | Found Cogarar's General Store.
 21341 | Orc:2    | 21341 ||| BUYING +0 pair of boots of Complete Protection
                  | {rPois rC+} (340 gold).
 21341 | Orc:2    | Bought the +0 pair of boots of Complete Protection {rPois
                  | rC+} for 340 gold pieces
 21341 | Orc:2    | 21341 ||| BUYING scroll of enchant weapon (112 gold).
 21341 | Orc:2    | Bought a scroll of enchant weapon for 112 gold pieces
 21341 | Orc:2    | 21341 ||| READING scroll of enchant weapon.
 21341 | Orc:2    | 21341 ||| ENCHANTING +7 vampiric broad axe.
 21396 | Orc:2    | Found a staircase to the Elven Halls.
 21418 | Orc:2    | 21418 ||| INVOKING Heroism.
 21756 | Orc:2    | 21756 ||| INVOKING Heroism.
 21787 | Orc:2    | 21787 ||| UPGRADING to +0 pair of boots of Complete
                  | Protection {rPois rC+}.
 21869 | Orc:1    | 21869 ||| INVOKING Heroism.
 21993 | Orc:1    | 21993 ||| INVOKING Heroism.
 22007 | Orc:1    | 22007 ||| DRINKING 17 potions of curing.
 22007 | Orc:1    | 22007 ||| (to cure confusion)
 22213 | Orc:1    | 22213 ||| PLANNING SHOALS:1-3
 22461 | Shoals:1 | Entered Level 1 of the Shoals
 22493 | Shoals:1 | 22493 ||| Stepping ~*~*~tactically~*~*~ (hiding).
 22515 | Shoals:1 | 22515 ||| Stepping ~*~*~tactically~*~*~ (hiding).
 22615 | Shoals:1 | 22615 ||| INVOKING Heroism.
 22683 | Shoals:1 | 22683 ||| INVOKING Heroism.
 22788 | Shoals:1 | 22788 ||| INVOKING Heroism.
 22829 | Shoals:1 | 22829 ||| Stepping ~*~*~tactically~*~*~ (hiding).
 22830 | Shoals:1 | 22830 ||| INVOKING Heroism.
 22899 | Shoals:1 | Found Qotad's Visitors' Centre.
 22903 | Shoals:1 | 22903 ||| INVOKING Heroism.
 22927 | Shoals:1 | Found Qotad's Merfolk Weapons.
 22927 | Shoals:1 | Found Qotad's Merfolk Magic.
 22931 | Shoals:1 | 22931 ||| BUYING scroll of teleportation (300 gold).
 22931 | Shoals:1 | Bought a scroll of teleportation for 300 gold pieces
 22936 | Shoals:1 | 22936 ||| BUYING +2 pair of boots of Inquiry {Int+3} (472
                  | gold).
 22936 | Shoals:1 | Bought the +2 pair of boots of Inquiry {Int+3} for 472 gold
                  | pieces
 22986 | Shoals:1 | 22986 ||| Stepping ~*~*~tactically~*~*~ (hiding).
 22987 | Shoals:1 | 22987 ||| Stepping ~*~*~tactically~*~*~ (hiding).
 22989 | Shoals:1 | 22989 ||| Stepping ~*~*~tactically~*~*~ (hiding).
 22990 | Shoals:1 | 22990 ||| Stepping ~*~*~tactically~*~*~ (hiding).
 23145 | Shoals:1 | 23145 ||| Stepping ~*~*~tactically~*~*~ (stealth).
 23154 | Shoals:1 | 23154 ||| INVOKING Heroism.
 23168 | Shoals:1 | 23168 ||| Stepping ~*~*~tactically~*~*~ (hiding).
 23181 | Shoals:1 | Received a gift from Okawaru
 23203 | Shoals:1 | Found a glowing silver altar of Zin.
 23208 | Shoals:1 | Noticed a kraken
 23210 | Shoals:1 | 23210 ||| INVOKING Heroism.
 23218 | Shoals:1 | Killed a kraken
 23432 | Shoals:1 | Noticed a kraken
 23435 | Shoals:1 | 23435 ||| INVOKING Heroism.
 23442 | Shoals:1 | Killed a kraken
 23482 | Shoals:1 | 23482 ||| DROPPING +1 pair of boots.
 23483 | Shoals:1 | 23483 ||| UPGRADING to +2 pair of boots of Inquiry {Int+3}.
 23527 | Shoals:2 | Found Uxyraf's Magic Scroll Shop.
 23530 | Shoals:2 | 23530 ||| BUYING scroll of brand weapon (161 gold).
 23530 | Shoals:2 | Bought a scroll of brand weapon for 161 gold pieces
 23530 | Shoals:2 | 23530 ||| BUYING scroll of brand weapon (161 gold).
 23530 | Shoals:2 | Bought a scroll of brand weapon for 161 gold pieces
 23530 | Shoals:2 | 23530 ||| BUYING scroll of enchant armour (127 gold).
 23530 | Shoals:2 | Bought a scroll of enchant armour for 127 gold pieces
 23530 | Shoals:2 | 23530 ||| BUYING scroll of enchant armour (127 gold).
 23530 | Shoals:2 | Bought a scroll of enchant armour for 127 gold pieces
 23530 | Shoals:2 | 23530 ||| BUYING scroll of enchant weapon (127 gold).
 23530 | Shoals:2 | Bought a scroll of enchant weapon for 127 gold pieces
 23530 | Shoals:2 | 23530 ||| READING 2 scrolls of enchant armour.
 23530 | Shoals:2 | 23530 ||| ENCHANTING +0 cloak.
 23531 | Shoals:2 | 23531 ||| READING scroll of enchant armour.
 23531 | Shoals:2 | 23531 ||| ENCHANTING +1 cloak.
 23532 | Shoals:2 | 23532 ||| READING scroll of enchant weapon.
 23532 | Shoals:2 | 23532 ||| ENCHANTING +8 vampiric broad axe.
 23536 | Shoals:2 | Found Rouzocho's Jewellery Shoppe.
 23553 | Shoals:2 | 23553 ||| SHOPLISTING amulet of regeneration (600 gold,
                  | have 347).
 23553 | Shoals:2 | 23553 ||| SHOPLISTING ring of fire (500 gold, have 347).
 23557 | Shoals:2 | 23557 ||| INVOKING Heroism.
 23581 | Shoals:2 | Found Edgherae's Antique Armour Emporium.
 23594 | Shoals:2 | 23594 ||| SHOPLISTING shiny plate armour (936 gold, have
                  | 347).
 23594 | Shoals:2 | 23594 ||| BUYING warped chain mail (342 gold).
 23594 | Shoals:2 | Bought a warped chain mail for 342 gold pieces
 23594 | Shoals:2 | Identified the +5 chain mail of Ebried {rPois rC- Int+3}
                  | (You bought it in a shop on level 2 of the Shoals)
 23595 | Shoals:2 | Found the +5 robe of Night {Dark Will+ SInv}
 23611 | Shoals:2 | Noticed Ilsuiw
 23612 | Shoals:2 | 23612 ||| INVOKING Finesse.
 23613 | Shoals:2 | Found Icofurgha's Armour Shoppe.
 23618 | Shoals:2 | Received a gift from Okawaru
 23634 | Shoals:2 | 23634 ||| INVOKING Heroism.
 23639 | Shoals:2 | Killed Ilsuiw
 23640 | Shoals:2 | Reached XP level 17. HP: 103/106 MP: 18/24
 23683 | Shoals:2 | 23683 ||| SHOPLISTING +2 plate armour of poison resistance
                  | (592 gold, have 5).
 23715 | Shoals:2 | Noticed Frances
 23716 | Shoals:2 | 23716 ||| INVOKING Heroism.
 23717 | Shoals:2 | 23717 ||| INVOKING Finesse.
 23726 | Shoals:2 | Killed Frances
 23727 | Shoals:2 | Reached skill level 6 in Throwing
 23793 | Shoals:2 | Received a gift from Okawaru
 23838 | Shoals:2 | Found Woiryahe's Book Emporium.
 23856 | Shoals:2 | 23856 ||| Stepping ~*~*~tactically~*~*~ (hiding).
 24449 | Shoals:3 | 24449 ||| INVOKING Heroism.
 24515 | Shoals:3 | 24515 ||| INVOKING Heroism.
 24516 | Shoals:3 | 24516 ||| INVOKING Finesse.
 24583 | Shoals:3 | Found Baanoips's Distillery.
 24586 | Shoals:3 | 24586 ||| BUYING potion of curing (51 gold).
 24586 | Shoals:3 | Bought a potion of curing for 51 gold pieces
 24586 | Shoals:3 | 24586 ||| SHOPLISTING potion of curing (51 gold, have 7).
 24586 | Shoals:3 | 24586 ||| SHOPLISTING potion of heal wounds (85 gold, have
                  | 7).
 24586 | Shoals:3 | 24586 ||| SHOPLISTING potion of mutation (136 gold, have
                  | 7).
 24586 | Shoals:3 | 24586 ||| SHOPLISTING potion of resistance (170 gold, have
                  | 7).
 24601 | Shoals:3 | 24601 ||| INVOKING Heroism.
 24812 | Shoals:3 | Reached skill level 13 in Fighting
 24821 | Shoals:3 | 24821 ||| INVOKING Heroism.
 25060 | Shoals:3 | 25060 ||| Stepping ~*~*~tactically~*~*~ (hiding).
 25063 | Shoals:3 | 25063 ||| Stepping ~*~*~tactically~*~*~ (hiding).
 25065 | Shoals:3 | 25065 ||| Stepping ~*~*~tactically~*~*~ (hiding).
 25067 | Shoals:3 | 25067 ||| INVOKING Heroism.
 25208 | Shoals:3 | 25208 ||| PLANNING SNAKE:1-3
 25287 | Snake:1  | Entered Level 1 of the Snake Pit
 25300 | Snake:1  | Received a gift from Okawaru
 25346 | Snake:1  | Noticed Aizul
 25377 | Snake:1  | 25377 ||| INVOKING Heroism.
 25378 | Snake:1  | 25378 ||| INVOKING Finesse.
 25388 | Snake:1  | Killed Aizul
 25500 | Snake:1  | 25500 ||| INVOKING Heroism.
 25503 | Snake:1  | 25503 ||| Stepping ~*~*~tactically~*~*~ (hiding).
 25504 | Snake:1  | 25504 ||| Stepping ~*~*~tactically~*~*~ (hiding).
 25507 | Snake:1  | 25507 ||| Stepping ~*~*~tactically~*~*~ (hiding).
 25597 | Snake:1  | 25597 ||| Stepping ~*~*~tactically~*~*~ (hiding).
 25602 | Snake:1  | 25602 ||| INVOKING Heroism.
 25636 | Snake:1  | 25636 ||| Stepping ~*~*~tactically~*~*~ (hiding).
 25677 | Snake:1  | Received a gift from Okawaru
 25711 | Snake:1  | 25711 ||| INVOKING Heroism.
 25758 | Snake:1  | 25758 ||| Stepping ~*~*~tactically~*~*~ (hiding).
 25846 | Snake:1  | 25846 ||| Stepping ~*~*~tactically~*~*~ (hiding).
 25848 | Snake:1  | 25848 ||| Stepping ~*~*~tactically~*~*~ (hiding).
 26012 | Snake:1  | 26012 ||| Stepping ~*~*~tactically~*~*~ (hiding).
 26017 | Snake:1  | 26017 ||| Stepping ~*~*~tactically~*~*~ (hiding).
 26197 | Snake:1  | 26197 ||| Stepping ~*~*~tactically~*~*~ (hiding).
 26374 | Snake:2  | 26374 ||| STAIRDANCE
 26400 | Snake:2  | Identified the +5 war axe "Niorot" {vamp, Fragile rElec rN+
                  | Dex+4} (Okawaru gifted it to you on level 2 of the Snake
                  | Pit)
 26400 | Snake:2  | Received a gift from Okawaru
 26420 | Snake:2  | Noticed Donald
 26421 | Snake:2  | 26421 ||| Stepping ~*~*~tactically~*~*~ (hiding).
 26423 | Snake:2  | 26423 ||| INVOKING Heroism.
 26424 | Snake:2  | 26424 ||| INVOKING Finesse.
 26429 | Snake:2  | Killed Donald
 26473 | Snake:2  | 26473 ||| DROPPING +0 eveningstar of holy wrath.
 26474 | Snake:2  | 26474 ||| DROPPING +8 flail "Testudinebane" {vorpal, rN+
                  | Will- rCorr}.
 26572 | Snake:2  | 26572 ||| Stepping ~*~*~tactically~*~*~ (hiding).
 26573 | Snake:2  | 26573 ||| Stepping ~*~*~tactically~*~*~ (hiding).
 26713 | Snake:2  | Noticed Mlioglotl
 26714 | Snake:2  | 26714 ||| INVOKING Heroism.
 26715 | Snake:2  | Noticed a tentacled starspawn
 26728 | Snake:2  | Gained mutation: Armour fits poorly on your strangely
                  | shaped body. [a neqoxec]
 26729 | Snake:2  | Killed Mlioglotl
 26730 | Snake:2  | Reached skill level 18 in Axes
 26731 | Snake:2  | 26731 ||| INVOKING Heroism.
 26753 | Snake:2  | 26753 ||| Stepping ~*~*~tactically~*~*~ (hiding).
 26763 | Snake:2  | 26763 ||| DRINKING 6 potions of mutation.
 26763 | Snake:2  | Lost mutation: Armour fits poorly on your strangely shaped
                  | body. [potion of mutation]
 26763 | Snake:2  | Gained mutation: You are dopey. (Int -2) [potion of
                  | mutation]
 27196 | Snake:2  | 27196 ||| Stepping ~*~*~tactically~*~*~ (hiding).
 27203 | Snake:2  | 27203 ||| INVOKING Heroism.
 27850 | Snake:3  | Noticed Smee's ghost (adept MiFi)
 27905 | Snake:3  | 27905 ||| Stepping ~*~*~tactically~*~*~ (stealth).
 27908 | Snake:3  | 27908 ||| INVOKING Heroism.
 27919 | Snake:3  | Reached skill level 12 in Armour
 27957 | Snake:3  | Reached XP level 18. HP: 114/114 MP: 25/25
 27959 | Snake:3  | 27959 ||| DROPPING +2 broad axe of flaming.
 27966 | Snake:3  | Identified the ring "Ycomiov" {rC+ rN+ SInv}
 27989 | Snake:3  | 27989 ||| Stepping ~*~*~tactically~*~*~ (stealth).
 28088 | Snake:3  | 28088 ||| INVOKING Heroism.
 28226 | Snake:3  | 28226 ||| Stepping ~*~*~tactically~*~*~ (hiding).
 28228 | Snake:3  | 28228 ||| INVOKING Heroism.
 28270 | Snake:3  | 28270 ||| INVOKING Heroism.
 28366 | Snake:3  | 28366 ||| Stepping ~*~*~tactically~*~*~ (stealth).
 28367 | Snake:3  | 28367 ||| Stepping ~*~*~tactically~*~*~ (stealth).
 28385 | Snake:3  | Received a gift from Okawaru
 28412 | Snake:3  | Found a runed translucent gate.
 28413 | Snake:3  | Found a runed translucent gate.
 28418 | Snake:3  | Found a runed translucent gate.
 28684 | Snake:3  | 28684 ||| PLANNING SHOALS:4
 28684 | Snake:3  | 28684 ||| UPGRADING to +1 tower shield of positive energy.
 28694 | Snake:3  | 28694 ||| DROPPING +0 tower shield.
 28695 | Snake:3  | 28695 ||| DROPPING ring of ice.
 28696 | Snake:3  | 28696 ||| UPGRADING to ring "Ycomiov" {rC+ rN+ SInv}.
 28860 | Shoals:4 | Entered Level 4 of the Shoals
 28861 | Shoals:4 | 28861 ||| INVOKING Heroism.
 28863 | Shoals:4 | 28863 ||| INVOKING Finesse.
 28878 | Shoals:4 | Reached skill level 14 in Fighting
 28916 | Shoals:4 | Reached skill level 18 in Shields
 28979 | Shoals:4 | 28979 ||| Stepping ~*~*~tactically~*~*~ (stealth).
 28996 | Shoals:4 | 28996 ||| Stepping ~*~*~tactically~*~*~ (hiding).
 29072 | Shoals:4 | 29072 ||| Stepping ~*~*~tactically~*~*~ (hiding).
 29221 | Shoals:4 | 29221 ||| INVOKING Heroism.
 29222 | Shoals:4 | 29222 ||| INVOKING Finesse.
 29281 | Shoals:4 | 29281 ||| Stepping ~*~*~tactically~*~*~ (stealth).
 29309 | Shoals:4 | 29309 ||| Stepping ~*~*~tactically~*~*~ (hiding).
 29338 | Shoals:4 | 29338 ||| Stepping ~*~*~tactically~*~*~ (stealth).
 29348 | Shoals:4 | 29348 ||| INVOKING Heroism.
 29349 | Shoals:4 | 29349 ||| INVOKING Finesse.
 29393 | Shoals:4 | Reached skill level 6 in Dodging
 29406 | Shoals:4 | 29406 ||| INVOKING Heroism.
 29437 | Shoals:4 | Received a gift from Okawaru
 29478 | Shoals:4 | 29478 ||| INVOKING Heroism.
 29531 | Shoals:4 | 29531 ||| INVOKING Heroism.
 29542 | Shoals:4 | Received a gift from Okawaru
 29558 | Shoals:4 | 29558 ||| Stepping ~*~*~tactically~*~*~ (hiding).
 29625 | Shoals:4 | Noticed Polyphemus
 29626 | Shoals:4 | 29626 ||| INVOKING Heroism.
 29627 | Shoals:4 | 29627 ||| INVOKING Finesse.
 29641 | Shoals:4 | Killed Polyphemus
 29750 | Shoals:4 | 29750 ||| Stepping ~*~*~tactically~*~*~ (hiding).
 29751 | Shoals:4 | 29751 ||| INVOKING Heroism.
 29752 | Shoals:4 | 29752 ||| INVOKING Finesse.
 29799 | Shoals:4 | 29799 ||| Stepping ~*~*~tactically~*~*~ (hiding).
 29802 | Shoals:4 | 29802 ||| INVOKING Heroism.
 29835 | Shoals:4 | Identified the ring "Qoceddo" {rCorr Dex+2}
 29987 | Shoals:4 | 29987 ||| Stepping randomly (cloudy).
 29990 | Shoals:4 | 29990 ||| INVOKING Heroism.
 30004 | Shoals:4 | Found the +3 pair of mountain boots {steadfast, rC+}
 30108 | Shoals:4 | Got a barnacled rune of Zot
 30109 | Shoals:4 | 30109 ||| PLANNING VAULTS:1-4
 30109 | Shoals:4 | 30109 ||| UPGRADING to +3 pair of mountain boots
                  | {steadfast, rC+}.
 30119 | Shoals:4 | 30119 ||| UPGRADING to +0 plate armour.
 30129 | Shoals:4 | 30129 ||| DROPPING +0 pair of boots of Complete Protection
                  | {rPois rC+}.
 30130 | Shoals:4 | 30130 ||| DROPPING +2 pair of boots of Inquiry {Int+3}.
 30131 | Shoals:4 | 30131 ||| READING scroll of enchant armour.
 30131 | Shoals:4 | 30131 ||| ENCHANTING +0 plate armour.
 30132 | Shoals:4 | 30132 ||| DROPPING +5 chain mail of Ebried {rPois rC-
                  | Int+3}.
 30406 | Vaults:1 | Entered Level 1 of the Vaults
 30432 | Vaults:1 | 30432 ||| Stepping ~*~*~tactically~*~*~ (hiding).
 30440 | Vaults:1 | 30440 ||| INVOKING Heroism.
 30491 | Vaults:1 | 30491 ||| INVOKING Heroism.
 30501 | Vaults:1 | Reached XP level 19. HP: 103/123 MP: 24/26
 30506 | Vaults:1 | Reached skill level 15 in Fighting
 30656 | Vaults:1 | Found a transporter.
 30656 | Vaults:1 | Found a transporter.
 30658 | Vaults:1 | Identified the ring "Vuprim" {Dex+6 SInv}
 30661 | Vaults:1 | Identified the +7 mace of Diet Blood {flame, Str+3}
 30661 | Vaults:1 | Noticed Saint Roka
 30672 | Vaults:1 | Found a transporter.
 30672 | Vaults:1 | Identified the +1 leather armour of Repulsion {rElec rF++
                  | Will- Int+2}
 30674 | Vaults:1 | Found a transporter.
 30691 | Vaults:1 | Found a transporter.
 30892 | Vaults:1 | 30892 ||| Stepping ~*~*~tactically~*~*~ (stealth).
 30895 | Vaults:1 | 30895 ||| INVOKING Heroism.
 30898 | Vaults:1 | 30898 ||| Stepping ~*~*~tactically~*~*~ (hiding).
 30927 | Vaults:1 | Received a gift from Okawaru
 30956 | Vaults:1 | 30956 ||| Stepping ~*~*~tactically~*~*~ (hiding).
 30957 | Vaults:1 | 30957 ||| Stepping ~*~*~tactically~*~*~ (hiding).
 30963 | Vaults:1 | 30963 ||| INVOKING Heroism.
 30967 | Vaults:1 | 30967 ||| Stepping ~*~*~tactically~*~*~ (hiding).
 31102 | Vaults:1 | 31102 ||| INVOKING Heroism.
 31120 | Vaults:1 | Received a gift from Okawaru
 31121 | Vaults:1 | Reached skill level 15 in Armour
 31339 | Vaults:1 | 31339 ||| Stepping ~*~*~tactically~*~*~ (hiding).
 31340 | Vaults:1 | 31340 ||| Stepping ~*~*~tactically~*~*~ (hiding).
 31456 | Vaults:1 | 31456 ||| INVOKING Heroism.
 31488 | Vaults:1 | 31488 ||| INVOKING Heroism.
 31495 | Vaults:1 | Received a gift from Okawaru
 31667 | Vaults:1 | 31667 ||| INVOKING Heroism.
 31682 | Vaults:1 | Reached skill level 9 in Throwing
 32036 | Vaults:1 | 32036 ||| Stepping ~*~*~tactically~*~*~ (stealth).
 32037 | Vaults:1 | 32037 ||| Stepping ~*~*~tactically~*~*~ (stealth).
 32044 | Vaults:1 | 32044 ||| Stepping ~*~*~tactically~*~*~ (hiding).
 32179 | Vaults:1 | Received a gift from Okawaru
 32371 | Vaults:1 | 32371 ||| UPGRADING to +0 plate armour of willpower.
 32416 | Vaults:2 | 32416 ||| Stepping ~*~*~tactically~*~*~ (hiding).
 32424 | Vaults:2 | 32424 ||| INVOKING Heroism.
 32456 | Vaults:2 | 32456 ||| FLEEEEING.
 32457 | Vaults:2 | 32457 ||| FLEEEEING.
 32458 | Vaults:2 | 32458 ||| STAIRDANCE
 32691 | Vaults:2 | Found a staircase to the Crypt.
 32720 | Vaults:2 | Found Qil Xyse's Distillery.
 32727 | Vaults:2 | 32727 ||| BUYING potion of attraction (48 gold).
 32727 | Vaults:2 | Bought a potion of attraction for 48 gold pieces
 32727 | Vaults:2 | 32727 ||| BUYING potion of curing (48 gold).
 32727 | Vaults:2 | Bought a potion of curing for 48 gold pieces
 32727 | Vaults:2 | 32727 ||| BUYING potion of haste (160 gold).
 32727 | Vaults:2 | Bought a potion of haste for 160 gold pieces
 32727 | Vaults:2 | 32727 ||| BUYING potion of heal wounds (80 gold).
 32727 | Vaults:2 | Bought a potion of heal wounds for 80 gold pieces
 32727 | Vaults:2 | 32727 ||| BUYING potion of mutation (128 gold).
 32727 | Vaults:2 | Bought a potion of mutation for 128 gold pieces
 32746 | Vaults:2 | 32746 ||| Stepping ~*~*~tactically~*~*~ (stealth).
 32749 | Vaults:2 | 32749 ||| Stepping ~*~*~tactically~*~*~ (stealth).
 32750 | Vaults:2 | 32750 ||| INVOKING Heroism.
 32794 | Vaults:2 | 32794 ||| Stepping ~*~*~tactically~*~*~ (stealth).
 32796 | Vaults:2 | 32796 ||| INVOKING Heroism.
 32831 | Vaults:2 | 32831 ||| Stepping ~*~*~tactically~*~*~ (hiding).
 32849 | Vaults:2 | 32849 ||| Stepping ~*~*~tactically~*~*~ (stealth).
 32854 | Vaults:2 | 32854 ||| INVOKING Heroism.
 32859 | Vaults:2 | Received a gift from Okawaru
 32860 | Vaults:2 | Reached skill level 16 in Fighting
 32883 | Vaults:2 | 32883 ||| Stepping ~*~*~tactically~*~*~ (stealth).
 32884 | Vaults:2 | 32884 ||| Stepping ~*~*~tactically~*~*~ (stealth).
 32999 | Vaults:2 | Received a gift from Okawaru
 33098 | Vaults:2 | 33098 ||| INVOKING Heroism.
 33099 | Vaults:2 | 33099 ||| INVOKING Finesse.
 33144 | Vaults:2 | 33144 ||| INVOKING Heroism.
 33183 | Vaults:2 | HP: 16/125 [yaktaur captain/bolt[a boggart] (26)]
 33184 | Vaults:2 | 33184 ||| READING 9 scrolls of teleportation.
 33185 | Vaults:2 | 33185 ||| DRINKING 10 potions of heal wounds.
 33399 | Vaults:2 | 33399 ||| Stepping ~*~*~tactically~*~*~ (hiding).
 33413 | Vaults:2 | Received a gift from Okawaru
 33418 | Vaults:2 | 33418 ||| INVOKING Heroism.
 33614 | Vaults:2 | 33614 ||| Stepping ~*~*~tactically~*~*~ (hiding).
 33615 | Vaults:2 | 33615 ||| Stepping ~*~*~tactically~*~*~ (hiding).
 33650 | Vaults:2 | 33650 ||| Stepping ~*~*~tactically~*~*~ (hiding).
 33654 | Vaults:2 | 33654 ||| Stepping ~*~*~tactically~*~*~ (hiding).
 33658 | Vaults:2 | 33658 ||| INVOKING Heroism.
 33798 | Vaults:2 | 33798 ||| Stepping ~*~*~tactically~*~*~ (hiding).
 33810 | Vaults:2 | Reached XP level 20. HP: 128/131 MP: 27/27
 33845 | Vaults:2 | 33845 ||| INVOKING Heroism.
 33886 | Vaults:2 | 33886 ||| INVOKING Heroism.
 33930 | Vaults:2 | Identified the +2 pair of gloves of Inviolability {rPois
                  | Str+3 Stlth-} (Okawaru gifted it to you on level 2 of the
                  | Vaults)
 33930 | Vaults:2 | Received a gift from Okawaru
 34029 | Vaults:2 | Noticed a golden dragon
 34030 | Vaults:2 | 34030 ||| INVOKING Heroism.
 34031 | Vaults:2 | 34031 ||| INVOKING Finesse.
 34054 | Vaults:2 | Killed a golden dragon
 34056 | Vaults:2 | Reached skill level 17 in Fighting
 34112 | Vaults:2 | 34112 ||| INVOKING Heroism.
 34284 | Vaults:2 | Found Ushroq's Book Shoppe.
 34370 | Vaults:2 | 34370 ||| UPGRADING to +2 pair of gloves of Inviolability
                  | {rPois Str+3 Stlth-}.
 34380 | Vaults:2 | 34380 ||| DROPPING +2 pair of gloves.
 34481 | Vaults:3 | 34481 ||| INVOKING Heroism.
 34626 | Vaults:3 | 34626 ||| Stepping ~*~*~tactically~*~*~ (hiding).
 34751 | Vaults:3 | 34751 ||| Stepping ~*~*~tactically~*~*~ (hiding).
 34828 | Vaults:3 | 34828 ||| READING scroll of enchant armour.
 34828 | Vaults:3 | 34828 ||| ENCHANTING +0 plate armour of willpower.
 34891 | Vaults:3 | 34891 ||| Stepping ~*~*~tactically~*~*~ (hiding).
 34893 | Vaults:3 | 34893 ||| Stepping ~*~*~tactically~*~*~ (hiding).
 34894 | Vaults:3 | 34894 ||| Stepping ~*~*~tactically~*~*~ (hiding).
 34899 | Vaults:3 | 34899 ||| INVOKING Heroism.
 34906 | Vaults:3 | 34906 ||| Stepping ~*~*~tactically~*~*~ (hiding).
 34972 | Vaults:3 | 34972 ||| INVOKING Heroism.
 34986 | Vaults:3 | 34986 ||| Stepping ~*~*~tactically~*~*~ (hiding).
 34987 | Vaults:3 | 34987 ||| Stepping ~*~*~tactically~*~*~ (hiding).
 35252 | Vaults:3 | Found Celuopso's Jewellery Shoppe.
 35259 | Vaults:3 | 35259 ||| SHOPLISTING amulet of regeneration (540 gold,
                  | have 279).
 35259 | Vaults:3 | 35259 ||| SHOPLISTING ring of fire (450 gold, have 279).
 35259 | Vaults:3 | 35259 ||| SHOPLISTING ring of resist corrosion (360 gold,
                  | have 279).
 35563 | Vaults:3 | 35563 ||| DROPPING +1 plate armour.
 35602 | Vaults:4 | 35602 ||| INVOKING Heroism.
 35605 | Vaults:4 | 35605 ||| STAIRDANCE
 35614 | Vaults:4 | 35614 ||| STAIRDANCE
 35638 | Vaults:4 | 35638 ||| Stepping ~*~*~tactically~*~*~ (stealth).
 35646 | Vaults:4 | 35646 ||| INVOKING Heroism.
 35660 | Vaults:4 | 35660 ||| Stepping ~*~*~tactically~*~*~ (stealth).
 35673 | Vaults:4 | Received a gift from Okawaru
 35687 | Vaults:4 | 35687 ||| INVOKING Finesse.
 35688 | Vaults:4 | 35688 ||| Stepping ~*~*~tactically~*~*~ (stealth).
 35827 | Vaults:4 | 35827 ||| INVOKING Heroism.
 35890 | Vaults:4 | 35890 ||| INVOKING Heroism.
 35934 | Vaults:4 | 35934 ||| Stepping ~*~*~tactically~*~*~ (stealth).
 35936 | Vaults:4 | 35936 ||| Stepping ~*~*~tactically~*~*~ (hiding).
 35948 | Vaults:4 | Received a gift from Okawaru
 35958 | Vaults:4 | Reached skill level 18 in Fighting
 36010 | Vaults:4 | Found Locze's Antique Weapon Shoppe.
 36023 | Vaults:4 | 36023 ||| Stepping ~*~*~tactically~*~*~ (hiding).
 36212 | Vaults:4 | 36212 ||| Stepping ~*~*~tactically~*~*~ (stealth).
 36218 | Vaults:4 | 36218 ||| INVOKING Heroism.
 36325 | Vaults:4 | 36325 ||| INVOKING Heroism.
 36332 | Vaults:4 | Received a gift from Okawaru
 36337 | Vaults:4 | Reached XP level 21. HP: 141/141 MP: 26/28
 36377 | Vaults:4 | 36377 ||| Stepping ~*~*~tactically~*~*~ (hiding).
 36378 | Vaults:4 | 36378 ||| Stepping ~*~*~tactically~*~*~ (hiding).
 36447 | Vaults:4 | 36447 ||| INVOKING Heroism.
 36585 | Vaults:4 | 36585 ||| Stepping ~*~*~tactically~*~*~ (stealth).
 36823 | Vaults:4 | 36823 ||| PLANNING SNAKE:4
 36823 | Vaults:4 | 36823 ||| DROPPING +2 hat.
 37215 | Snake:4  | Entered Level 4 of the Snake Pit
 37216 | Snake:4  | 37216 ||| INVOKING Heroism.
 37232 | Snake:4  | Identified the +2 robe of Qaubolint {Str+5} (Okawaru gifted
                  | it to you on level 4 of the Snake Pit)
 37232 | Snake:4  | Received a gift from Okawaru
 37261 | Snake:4  | 37261 ||| INVOKING Heroism.
 37309 | Snake:4  | 37309 ||| INVOKING Heroism.
 37328 | Snake:4  | Reached skill level 18 in Armour
 37496 | Snake:4  | Got a serpentine rune of Zot
 37571 | Snake:4  | 37571 ||| Stepping ~*~*~tactically~*~*~ (hiding).
 37639 | Snake:4  | 37639 ||| INVOKING Heroism.
 37695 | Snake:4  | 37695 ||| Stepping ~*~*~tactically~*~*~ (hiding).
 37698 | Snake:4  | 37698 ||| Stepping ~*~*~tactically~*~*~ (hiding).
 37872 | Snake:4  | 37872 ||| Stepping ~*~*~tactically~*~*~ (hiding).
 37874 | Snake:4  | 37874 ||| INVOKING Heroism.
 37998 | Snake:4  | 37998 ||| INVOKING Heroism.
 38110 | Snake:4  | 38110 ||| PLANNING DEPTHS
 38110 | Snake:4  | 38110 ||| DROPPING +2 pair of gloves of stealth.
 38498 | Depths:1 | Entered Level 1 of the Depths
 38499 | Depths:1 | 38499 ||| INVOKING Heroism.
 38508 | Depths:1 | 38508 ||| INVOKING Finesse.
 38515 | Depths:1 | 38515 ||| Stepping ~*~*~tactically~*~*~ (hiding).
 38527 | Depths:1 | Reached skill level 19 in Fighting
 38555 | Depths:1 | Found Nifeddi's Vocational Training.
 38607 | Depths:1 | 38607 ||| INVOKING Heroism.
 38608 | Depths:1 | 38608 ||| INVOKING Finesse.
 38641 | Depths:1 | 38641 ||| INVOKING Finesse.
 38642 | Depths:1 | 38642 ||| INVOKING Heroism.
 38706 | Depths:1 | 38706 ||| INVOKING Heroism.
 38707 | Depths:1 | 38707 ||| INVOKING Finesse.
 38876 | Depths:1 | 38876 ||| INVOKING Heroism.
 38877 | Depths:1 | 38877 ||| INVOKING Finesse.
 39192 | Depths:1 | 39192 ||| INVOKING Heroism.
 39238 | Depths:1 | Received a gift from Okawaru
 39259 | Depths:1 | 39259 ||| Stepping ~*~*~tactically~*~*~ (hiding).
 39260 | Depths:1 | 39260 ||| INVOKING Heroism.
 39261 | Depths:1 | 39261 ||| INVOKING Finesse.
 39346 | Depths:1 | Found a one-way gateway to a ziggurat.
 39452 | Depths:1 | Found a gateway to Hell.
 39674 | Depths:2 | 39674 ||| STAIRDANCE
 39703 | Depths:2 | 39703 ||| INVOKING Heroism.
 39729 | Depths:2 | 39729 ||| Stepping ~*~*~tactically~*~*~ (hiding).
 39851 | Depths:2 | 39851 ||| INVOKING Heroism.
 39859 | Depths:2 | Identified the +1 robe of Indecent Exposure {SInv} (Okawaru
                  | gifted it to you on level 2 of the Depths)
 39859 | Depths:2 | Received a gift from Okawaru
 39938 | Depths:2 | Found Inal's Assorted Antiques.
 39940 | Depths:2 | Found Eplas's Jewellery Shoppe.
 39942 | Depths:2 | Found Elotzygaso's Weapon Emporium.
 39946 | Depths:2 | 39946 ||| BUYING embroidered scarf (392 gold).
 39946 | Depths:2 | Bought an embroidered scarf for 392 gold pieces
 39946 | Depths:2 | 39946 ||| SHOPLISTING potion of cancellation (392 gold,
                  | have 286).
 39946 | Depths:2 | 39946 ||| SHOPLISTING potion of haste (490 gold, have 286).
 39947 | Depths:2 | 39947 ||| INVOKING Heroism.
 39948 | Depths:2 | 39948 ||| INVOKING Finesse.
 39984 | Depths:2 | 39984 ||| SHOPLISTING ring of protection from fire (450
                  | gold, have 286).
 39984 | Depths:2 | 39984 ||| SHOPLISTING ring of the Octopus King {Fly HP+2
                  | AC+2 EV+2 SH+2} (970 gold, have 286).
 40059 | Depths:2 | 40059 ||| Stepping ~*~*~tactically~*~*~ (hiding).
 40146 | Depths:2 | 40146 ||| Stepping ~*~*~tactically~*~*~ (stealth).
 40278 | Depths:2 | 40278 ||| Stepping ~*~*~tactically~*~*~ (hiding).
 40289 | Depths:2 | 40289 ||| INVOKING Heroism.
 40354 | Depths:2 | 40354 ||| Stepping ~*~*~tactically~*~*~ (stealth).
 40356 | Depths:2 | 40356 ||| Stepping ~*~*~tactically~*~*~ (stealth).
 40360 | Depths:2 | 40360 ||| INVOKING Heroism.
 40361 | Depths:2 | 40361 ||| INVOKING Finesse.
 40375 | Depths:2 | 40375 ||| Stepping ~*~*~tactically~*~*~ (hiding).
 40386 | Depths:2 | Reached XP level 22. HP: 149/149 MP: 18/29
 40461 | Depths:2 | Found a one-way gate leading to the halls of Pandemonium.
 40912 | Depths:2 | 40912 ||| DROPPING scarf of repulsion.
 40985 | Depths:2 | 40985 ||| READING 12 scrolls of teleportation.
 41019 | Depths:2 | 41019 ||| Stepping ~*~*~tactically~*~*~ (stealth).
 41020 | Depths:2 | 41020 ||| Stepping ~*~*~tactically~*~*~ (stealth).
 41276 | Depths:3 | 41276 ||| Stepping ~*~*~tactically~*~*~ (hiding).
 41288 | Depths:3 | 41288 ||| FLEEEEING.
 41289 | Depths:3 | 41289 ||| FLEEEEING.
 41290 | Depths:3 | 41290 ||| FLEEEEING.
 41291 | Depths:3 | 41291 ||| FLEEEEING.
 41293 | Depths:3 | 41293 ||| FLEEEEING.
 41294 | Depths:3 | 41294 ||| FLEEEEING.
 41297 | Depths:3 | 41297 ||| FLEEEEING.
 41300 | Depths:3 | 41300 ||| FLEEEEING.
 41301 | Depths:3 | 41301 ||| STAIRDANCE
 41371 | Depths:3 | 41371 ||| INVOKING Heroism.
 41372 | Depths:3 | 41372 ||| INVOKING Finesse.
 41374 | Depths:3 | Noticed a juggernaut
 41383 | Depths:3 | 41383 ||| Stepping ~*~*~tactically~*~*~ (hiding).
 41395 | Depths:3 | Killed a juggernaut
 41429 | Depths:3 | Identified the +6 long sword of Rivil {venom, rPois rC-
                  | rN+++ Int-3}
 41439 | Depths:3 | 41439 ||| INVOKING Finesse.
 41444 | Depths:3 | 41444 ||| Stepping ~*~*~tactically~*~*~ (hiding).
 41445 | Depths:3 | 41445 ||| INVOKING Heroism.
 41446 | Depths:3 | 41446 ||| Stepping ~*~*~tactically~*~*~ (hiding).
 41462 | Depths:3 | Reached skill level 20 in Fighting
 41485 | Depths:3 | Noticed a golden dragon
 41490 | Depths:3 | 41490 ||| Stepping ~*~*~tactically~*~*~ (hiding).
 41505 | Depths:3 | Killed a golden dragon
 41510 | Depths:3 | 41510 ||| Stepping ~*~*~tactically~*~*~ (hiding).
 41516 | Depths:3 | 41516 ||| Stepping ~*~*~tactically~*~*~ (hiding).
 41530 | Depths:3 | 41530 ||| INVOKING Finesse.
 41550 | Depths:3 | 41550 ||| Stepping ~*~*~tactically~*~*~ (hiding).
 41556 | Depths:3 | 41556 ||| INVOKING Heroism.
 41578 | Depths:3 | HP: 26/152 [fire dragon/blast of flame (45)]
 41579 | Depths:3 | 41579 ||| READING 11 scrolls of teleportation.
 41580 | Depths:3 | 41580 ||| DRINKING 11 potions of heal wounds.
 41586 | Depths:3 | 41586 ||| FLEEEEING.
 41828 | Depths:3 | Identified the ring of Nierrora {rC++ rN+ Will+ Dex+4}
 41848 | Depths:3 | 41848 ||| Stepping ~*~*~tactically~*~*~ (stealth).
 41851 | Depths:3 | 41851 ||| INVOKING Heroism.
 41859 | Depths:3 | Received a gift from Okawaru
 41862 | Depths:3 | Noticed a golden dragon
 41863 | Depths:3 | 41863 ||| Stepping ~*~*~tactically~*~*~ (stealth).
 41874 | Depths:3 | 41874 ||| Stepping ~*~*~tactically~*~*~ (stealth).
 41875 | Depths:3 | 41875 ||| INVOKING Finesse.
 41889 | Depths:3 | Killed a golden dragon
 41967 | Depths:3 | Noticed a golden dragon
 41968 | Depths:3 | 41968 ||| INVOKING Heroism.
 41974 | Depths:3 | 41974 ||| INVOKING Finesse.
 41998 | Depths:3 | Killed a golden dragon
 41998 | Depths:3 | Received a gift from Okawaru
 42002 | Depths:3 | Reached skill level 21 in Shields
 42044 | Depths:3 | Noticed a juggernaut
 42045 | Depths:3 | 42045 ||| Stepping ~*~*~tactically~*~*~ (stealth).
 42047 | Depths:3 | 42047 ||| INVOKING Heroism.
 42048 | Depths:3 | 42048 ||| INVOKING Finesse.
 42063 | Depths:3 | Killed a juggernaut
 42134 | Depths:3 | 42134 ||| Stepping ~*~*~tactically~*~*~ (stealth).
 42135 | Depths:3 | 42135 ||| Stepping ~*~*~tactically~*~*~ (hiding).
 42137 | Depths:3 | 42137 ||| INVOKING Heroism.
 42141 | Depths:3 | Received a gift from Okawaru
 42144 | Depths:3 | 42144 ||| INVOKING Finesse.
 42265 | Depths:3 | 42265 ||| Stepping ~*~*~tactically~*~*~ (stealth).
 42270 | Depths:3 | 42270 ||| Stepping ~*~*~tactically~*~*~ (stealth).
 42272 | Depths:3 | 42272 ||| Stepping ~*~*~tactically~*~*~ (stealth).
 42278 | Depths:3 | Found a one-way gate to the infinite horrors of the Abyss.
 42306 | Depths:3 | 42306 ||| Stepping ~*~*~tactically~*~*~ (stealth).
 42308 | Depths:3 | 42308 ||| Stepping ~*~*~tactically~*~*~ (stealth).
 42309 | Depths:3 | 42309 ||| Stepping ~*~*~tactically~*~*~ (stealth).
 42316 | Depths:3 | 42316 ||| Stepping ~*~*~tactically~*~*~ (stealth).
 42318 | Depths:3 | 42318 ||| INVOKING Finesse.
 42352 | Depths:3 | 42352 ||| Stepping ~*~*~tactically~*~*~ (stealth).
 42360 | Depths:3 | Reached skill level 21 in Fighting
 42361 | Depths:3 | 42361 ||| INVOKING Heroism.
 42362 | Depths:3 | 42362 ||| INVOKING Finesse.
 42445 | Depths:3 | 42445 ||| Stepping ~*~*~tactically~*~*~ (hiding).
 42446 | Depths:3 | 42446 ||| Stepping ~*~*~tactically~*~*~ (hiding).
 42731 | Depths:3 | Noticed Grunn
 42732 | Depths:3 | 42732 ||| INVOKING Heroism.
 42755 | Depths:3 | HP: 38/155 [???[a doom hound] (7)]
 42756 | Depths:3 | 42756 ||| READING 11 scrolls of teleportation.
 42757 | Depths:3 | 42757 ||| DRINKING 10 potions of heal wounds.
 42758 | Depths:3 | 42758 ||| DRINKING 9 potions of heal wounds.
 42816 | Depths:3 | 42816 ||| Stepping ~*~*~tactically~*~*~ (hiding).
 42820 | Depths:3 | 42820 ||| Stepping ~*~*~tactically~*~*~ (hiding).
 42823 | Depths:3 | 42823 ||| INVOKING Heroism.
 42830 | Depths:3 | Reached XP level 23. HP: 72/160 MP: 28/30
 43137 | Depths:3 | 43137 ||| DROPPING +0 broad axe of venom.
 43183 | Depths:3 | 43183 ||| INVOKING Heroism.
 43415 | Depths:3 | 43415 ||| Stepping ~*~*~tactically~*~*~ (hiding).
 43512 | Depths:3 | 43512 ||| INVOKING Heroism.
 43516 | Depths:3 | Reached skill level 12 in Throwing
 43516 | Depths:3 | 43516 ||| INVOKING Finesse.
 43528 | Depths:3 | Received a gift from Okawaru
 43595 | Depths:3 | 43595 ||| Stepping ~*~*~tactically~*~*~ (stealth).
 43597 | Depths:3 | 43597 ||| Stepping ~*~*~tactically~*~*~ (hiding).
 43603 | Depths:3 | 43603 ||| INVOKING Heroism.
 43604 | Depths:3 | 43604 ||| INVOKING Finesse.
 43616 | Depths:3 | Killed Grunn
 43810 | Depths:3 | 43810 ||| DROPPING +2 chain mail "Muoha" {rC+ Str-4 Dex+8}.
 43811 | Depths:3 | 43811 ||| DROPPING +0 fire dragon scales.
 43812 | Depths:3 | 43812 ||| UPGRADING to +0 gold dragon scales.
 43822 | Depths:3 | 43822 ||| DROPPING +1 chain mail of fire resistance.
 43823 | Depths:3 | 43823 ||| DROPPING ring of ice.
 43824 | Depths:3 | 43824 ||| DROPPING 4 boomerangs of dispersal.
 43825 | Depths:3 | 43825 ||| DROPPING 39 boomerangs.
 43826 | Depths:3 | 43826 ||| DROPPING 4 silver boomerangs.
 43878 | Depths:4 | Entered Level 4 of the Depths
 43892 | Depths:4 | 43892 ||| INVOKING Heroism.
 43958 | Depths:4 | 43958 ||| Stepping ~*~*~tactically~*~*~ (hiding).
 43974 | Depths:4 | 43974 ||| FLEEEEING.
 43975 | Depths:4 | 43975 ||| FLEEEEING.
 44042 | Depths:4 | 44042 ||| Stepping ~*~*~tactically~*~*~ (stealth).
 44044 | Depths:4 | Noticed a golden dragon
 44045 | Depths:4 | 44045 ||| INVOKING Heroism.
 44054 | Depths:4 | 44054 ||| INVOKING Finesse.
 44059 | Depths:4 | Killed a golden dragon
 44059 | Depths:4 | Received a gift from Okawaru
 44100 | Depths:4 | 44100 ||| INVOKING Heroism.
 44152 | Depths:4 | Reached skill level 21 in Armour
 44161 | Depths:4 | Received a gift from Okawaru
 44164 | Depths:4 | 44164 ||| Stepping ~*~*~tactically~*~*~ (hiding).
 44167 | Depths:4 | 44167 ||| Stepping ~*~*~tactically~*~*~ (stealth).
 44168 | Depths:4 | 44168 ||| Stepping ~*~*~tactically~*~*~ (hiding).
 44169 | Depths:4 | 44169 ||| Stepping ~*~*~tactically~*~*~ (hiding).
 44170 | Depths:4 | 44170 ||| Stepping ~*~*~tactically~*~*~ (hiding).
 44290 | Depths:4 | 44290 ||| Stepping ~*~*~tactically~*~*~ (hiding).
 44302 | Depths:4 | 44302 ||| Stepping ~*~*~tactically~*~*~ (hiding).
 44313 | Depths:4 | Noticed a golden dragon
 44314 | Depths:4 | 44314 ||| Stepping ~*~*~tactically~*~*~ (hiding).
 44320 | Depths:4 | 44320 ||| INVOKING Heroism.
 44321 | Depths:4 | 44321 ||| INVOKING Finesse.
 44329 | Depths:4 | Killed a golden dragon
 44344 | Depths:4 | Received a gift from Okawaru
 44381 | Depths:4 | 44381 ||| Stepping ~*~*~tactically~*~*~ (stealth).
 44383 | Depths:4 | 44383 ||| Stepping ~*~*~tactically~*~*~ (hiding).
 44394 | Depths:4 | 44394 ||| Stepping ~*~*~tactically~*~*~ (stealth).
 44452 | Depths:4 | 44452 ||| Stepping ~*~*~tactically~*~*~ (stealth).
 44458 | Depths:4 | 44458 ||| Stepping ~*~*~tactically~*~*~ (hiding).
 44776 | Depths:4 | Noticed a juggernaut
 44777 | Depths:4 | 44777 ||| INVOKING Heroism.
 44778 | Depths:4 | 44778 ||| INVOKING Finesse.
 44795 | Depths:4 | Killed a juggernaut
 44795 | Depths:4 | Received a gift from Okawaru
 44846 | Depths:4 | 44846 ||| INVOKING Heroism.
 44847 | Depths:4 | 44847 ||| INVOKING Finesse.
 44937 | Depths:4 | 44937 ||| INVOKING Heroism.
 44939 | Depths:4 | Found a gate to the Realm of Zot.
 45216 | Depths:4 | 45216 ||| PLANNING VAULTS:5
 45216 | Depths:4 | 45216 ||| DROPPING +1 plate armour of willpower.
 45217 | Depths:4 | 45217 ||| UPGRADING to ring of Nierrora {rC++ rN+ Will+
                  | Dex+4}.
 45219 | Depths:4 | 45219 ||| UPGRADING to +2 plate armour of willpower.
 45573 | Vaults:5 | Entered Level 5 of the Vaults
 45574 | Vaults:5 | 45574 ||| INVOKING Heroism.
 45575 | Vaults:5 | 45575 ||| STAIRDANCE
 45588 | Vaults:5 | 45588 ||| STAIRDANCE
 45608 | Vaults:5 | 45608 ||| INVOKING Finesse.
 45620 | Vaults:5 | 45620 ||| STAIRDANCE
 45652 | Vaults:5 | Received a gift from Okawaru
 45658 | Vaults:5 | 45658 ||| INVOKING Heroism.
 45684 | Vaults:5 | Noticed a golden dragon
 45685 | Vaults:5 | 45685 ||| INVOKING Finesse.
 45694 | Vaults:5 | Reached XP level 24. HP: 165/167 MP: 26/30
 45704 | Vaults:5 | 45704 ||| STAIRDANCE
 45807 | Vaults:5 | 45807 ||| STAIRDANCE
 45809 | Vaults:4 | 45809 ||| INVOKING Heroism.
 45829 | Vaults:5 | 45829 ||| STAIRDANCE
 45836 | Vaults:4 | Reached skill level 22 in Fighting
 45840 | Vaults:4 | Identified the +11 crystal plate armour of Hide-and-Seek
                  | {Slay+3} (Okawaru gifted it to you on level 4 of the
                  | Vaults)
 45840 | Vaults:4 | Received a gift from Okawaru
 45845 | Vaults:4 | 45845 ||| UPGRADING to +11 crystal plate armour of
                  | Hide-and-Seek {Slay+3}.
 45855 | Vaults:4 | 45855 ||| DROPPING +2 plate armour of willpower.
 45856 | Vaults:4 | 45856 ||| DROPPING +0 gold dragon scales.
 45859 | Vaults:5 | Noticed Margery
 45860 | Vaults:5 | 45860 ||| STAIRDANCE
 45862 | Vaults:4 | 45862 ||| INVOKING Heroism.
 45980 | Vaults:5 | 45980 ||| STAIRDANCE
 45991 | Vaults:5 | 45991 ||| STAIRDANCE
 45993 | Vaults:4 | 45993 ||| INVOKING Heroism.
 46008 | Vaults:5 | 46008 ||| STAIRDANCE
 46092 | Vaults:5 | 46092 ||| STAIRDANCE
 46118 | Vaults:5 | 46118 ||| STAIRDANCE
 46118 | Vaults:5 | Identified the +7 short sword "Mycyuxt" {vorpal, *Corrode
                  | rElec rN+ SInv}
 46194 | Vaults:5 | 46194 ||| DRINKING 4 potions of resistance.
 46195 | Vaults:5 | 46195 ||| STAIRDANCE
 46195 | Vaults:5 | Identified the +3 great mace "Aresavumn" {freeze, rC+ Will+
                  | Int+4 Dex+4}
 46200 | Vaults:4 | 46200 ||| INVOKING Heroism.
 46214 | Vaults:5 | 46214 ||| STAIRDANCE
 46231 | Vaults:5 | 46231 ||| STAIRDANCE
 46350 | Vaults:5 | 46350 ||| DRINKING 3 potions of resistance.
 46351 | Vaults:5 | 46351 ||| INVOKING Heroism.
 46379 | Vaults:5 | Killed Margery
 46443 | Vaults:5 | 46443 ||| Stepping ~*~*~tactically~*~*~ (hiding).
 46445 | Vaults:5 | 46445 ||| INVOKING Heroism.
 46446 | Vaults:5 | Noticed an ancient lich
 46447 | Vaults:5 | 46447 ||| INVOKING Finesse.
 46471 | Vaults:5 | Killed an ancient lich
 46481 | Vaults:5 | Noticed an ancient lich
 46516 | Vaults:5 | HP: 35/168 [something/crystal spear (28)]
 46520 | Vaults:5 | Killed an ancient lich
 46882 | Vaults:5 | Identified the ring of Curiosity {Contam rPois Str+5}
 46884 | Vaults:5 | Identified the +2 bardiche "Xipnikh" {vorpal, rPois rCorr
                  | Dex+3}
 47032 | Vaults:5 | 47032 ||| INVOKING Heroism.
 47083 | Vaults:5 | 47083 ||| Stepping ~*~*~tactically~*~*~ (stealth).
 47103 | Vaults:5 | 47103 ||| INVOKING Heroism.
 47156 | Vaults:5 | Identified the +1 plate armour of the Arcane {*Slow Slay+5}
 47175 | Vaults:5 | Got a silver rune of Zot
 47238 | Vaults:5 | 47238 ||| Stepping ~*~*~tactically~*~*~ (hiding).
 47244 | Vaults:5 | 47244 ||| INVOKING Heroism.
 47245 | Vaults:5 | 47245 ||| INVOKING Finesse.
 47252 | Vaults:5 | an iron giant changed into a juggernaut
 47252 | Vaults:5 | Noticed a juggernaut (glowing shapeshifter)
 47258 | Vaults:5 | a juggernaut changed into a rockslime
 47400 | Vaults:5 | 47400 ||| Stepping ~*~*~tactically~*~*~ (hiding).
 47793 | Vaults:5 | 47793 ||| Stepping ~*~*~tactically~*~*~ (hiding).
 47795 | Vaults:5 | 47795 ||| INVOKING Heroism.
 47836 | Vaults:5 | Found Kiawatuiso's Jewellery Shop.
 47855 | Vaults:5 | 47855 ||| Stepping ~*~*~tactically~*~*~ (stealth).
 47856 | Vaults:5 | 47856 ||| Stepping ~*~*~tactically~*~*~ (stealth).
 47859 | Vaults:5 | 47859 ||| Stepping ~*~*~tactically~*~*~ (stealth).
 47860 | Vaults:5 | 47860 ||| INVOKING Heroism.
 47918 | Vaults:5 | Identified the ring of Leaves {rC+ MP+9 Dex+6}
 47920 | Vaults:5 | 47920 ||| PLANNING SHOPPING SPREE
 47920 | Vaults:5 | 47920 ||| DROPPING ring of Curiosity {Contam rPois Str+5}.
 48234 | D:3      | 48234 ||| BUYING scroll of acquirement (572 gold).
 48234 | D:3      | Bought a scroll of acquirement for 572 gold pieces
 48234 | D:3      | 48234 ||| READING scroll of acquirement.
 48234 | D:3      | 48234 ||| ACQUIRING 1327 gold pieces
 48234 | D:3      | Acquired 1327 gold pieces
 48297 | D:7      | 48297 ||| STAIRDANCE
 48304 | D:7      | 48304 ||| STAIRDANCE
 48494 | Shoals:3 | 48494 ||| BUYING potion of curing (51 gold).
 48494 | Shoals:3 | Bought a potion of curing for 51 gold pieces
 48494 | Shoals:3 | 48494 ||| BUYING potion of curing (51 gold).
 48494 | Shoals:3 | Bought a potion of curing for 51 gold pieces
 48494 | Shoals:3 | 48494 ||| BUYING potion of heal wounds (85 gold).
 48494 | Shoals:3 | Bought a potion of heal wounds for 85 gold pieces
 48494 | Shoals:3 | 48494 ||| BUYING potion of heal wounds (85 gold).
 48494 | Shoals:3 | Bought a potion of heal wounds for 85 gold pieces
 48494 | Shoals:3 | 48494 ||| BUYING potion of mutation (136 gold).
 48494 | Shoals:3 | Bought a potion of mutation for 136 gold pieces
 48494 | Shoals:3 | 48494 ||| BUYING potion of resistance (170 gold).
 48494 | Shoals:3 | Bought a potion of resistance for 170 gold pieces
 48864 | Vaults:3 | 48864 ||| BUYING ring of fire (450 gold).
 48864 | Vaults:3 | Bought a ring of fire for 450 gold pieces
 48864 | Vaults:3 | 48864 ||| BUYING ring of resist corrosion (360 gold).
 48864 | Vaults:3 | Bought a ring of resist corrosion for 360 gold pieces
 49130 | Depths:2 | 49130 ||| BUYING potion of cancellation (392 gold).
 49130 | Depths:2 | Bought a potion of cancellation for 392 gold pieces
 49130 | Depths:2 | 49130 ||| BUYING potion of haste (490 gold).
 49130 | Depths:2 | Bought a potion of haste for 490 gold pieces
 49132 | Depths:2 | 49132 ||| BUYING ring of protection from fire (450 gold).
 49132 | Depths:2 | Bought a ring of protection from fire for 450 gold pieces
 49132 | Depths:2 | 49132 ||| DROPPING ring of fire.
 49133 | Depths:2 | 49133 ||| CLEARING SHOPPING LIST
 49133 | Depths:2 | 49133 ||| PLANNING ZOT:1-4
 49133 | Depths:2 | 49133 ||| READING 14 scrolls of teleportation.
 49138 | Depths:2 | 49138 ||| UPGRADING to -2 pair of gloves "Jusiviut" {rF+
                  | rC+ Int+3}.
 49148 | Depths:2 | 49148 ||| UPGRADING to ring "Ycomiov" {rC+ rN+ SInv}.
 49291 | Zot:1    | Entered Level 1 of the Realm of Zot
 49296 | Zot:1    | 49296 ||| INVOKING Heroism.
 49321 | Zot:1    | Reached skill level 23 in Fighting
 49396 | Zot:1    | Noticed a curse toe
 49397 | Zot:1    | 49397 ||| INVOKING Heroism.
 49401 | Zot:1    | 49401 ||| Stepping ~*~*~tactically~*~*~ (hiding).
 49409 | Zot:1    | Killed a curse toe
 49422 | Zot:1    | 49422 ||| Stepping ~*~*~tactically~*~*~ (stealth).
 49437 | Zot:1    | 49437 ||| Stepping ~*~*~tactically~*~*~ (hiding).
 49581 | Zot:1    | Received a gift from Okawaru
 49588 | Zot:1    | 49588 ||| INVOKING Heroism.
 49610 | Zot:1    | Noticed a Killer Klown
 49615 | Zot:1    | Noticed an ancient lich
 49620 | Zot:1    | Received a gift from Okawaru
 49647 | Zot:1    | Killed an ancient lich
 49653 | Zot:1    | Reached XP level 25. HP: 161/178 MP: 1/30
 49663 | Zot:1    | Killed a Killer Klown
 49895 | Zot:1    | Noticed a dread lich
 49895 | Zot:1    | 49895 ||| INVOKING Heroism.
 49896 | Zot:1    | 49896 ||| INVOKING Finesse.
 49905 | Zot:1    | Killed a dread lich
 49906 | Zot:1    | Reached skill level 24 in Fighting
 49906 | Zot:1    | Received a gift from Okawaru
 49935 | Zot:1    | Identified the +4 rapier of the Beast {vorpal, SInv}
 49962 | Zot:1    | 49962 ||| INVOKING Heroism.
 50289 | Zot:1    | 50289 ||| Stepping ~*~*~tactically~*~*~ (hiding).
 50595 | Zot:1    | 50595 ||| DRINKING 29 potions of curing.
 50595 | Zot:1    | 50595 ||| (to cure confusion)
 50742 | Zot:2    | 50742 ||| Stepping ~*~*~tactically~*~*~ (hiding).
 50758 | Zot:2    | 50758 ||| Stepping ~*~*~tactically~*~*~ (hiding).
 51046 | Zot:2    | Noticed an orb of fire
 51047 | Zot:2    | 51047 ||| DRINKING 3 potions of resistance.
 51048 | Zot:2    | 51048 ||| INVOKING Heroism.
 51049 | Zot:2    | 51049 ||| INVOKING Finesse.
 51055 | Zot:2    | Gained mutation: Your body sometimes deteriorates upon
                  | taking damage. [an orb of fire]
 51061 | Zot:2    | Gained mutation: Armour fits poorly on your strangely
                  | shaped body. [an orb of fire]
 51066 | Zot:2    | Killed an orb of fire
 51153 | Zot:2    | 51153 ||| INVOKING Heroism.
 51168 | Zot:2    | Received a gift from Okawaru
 51271 | Zot:2    | 51271 ||| DRINKING 12 potions of mutation.
 51271 | Zot:2    | Lost mutation: Armour fits poorly on your strangely shaped
                  | body. [potion of mutation]
 51271 | Zot:2    | Lost mutation: You are dopey. (Int -2) [potion of mutation]
 51271 | Zot:2    | Lost mutation: Your body sometimes deteriorates upon taking
                  | damage. [potion of mutation]
 51271 | Zot:2    | Gained mutation: You are frail. (-10% HP) [potion of
                  | mutation]
 51272 | Zot:2    | 51272 ||| DRINKING 11 potions of mutation.
 51272 | Zot:2    | Lost mutation: You are frail. (-10% HP) [potion of
                  | mutation]
 51272 | Zot:2    | Gained mutation: You are clumsy. (Dex -2) [potion of
                  | mutation]
 51272 | Zot:2    | Gained mutation: Your natural rate of healing is unusually
                  | fast. [potion of mutation]
 51324 | Zot:2    | 51324 ||| INVOKING Heroism.
 51410 | Zot:2    | 51410 ||| INVOKING Heroism.
 51451 | Zot:2    | Reached skill level 25 in Fighting
 51658 | Zot:2    | 51658 ||| Stepping ~*~*~tactically~*~*~ (hiding).
 51660 | Zot:2    | 51660 ||| Stepping ~*~*~tactically~*~*~ (hiding).
 51661 | Zot:2    | 51661 ||| Stepping ~*~*~tactically~*~*~ (hiding).
 51664 | Zot:2    | 51664 ||| INVOKING Heroism.
 51683 | Zot:2    | 51683 ||| Stepping ~*~*~tactically~*~*~ (stealth).
 51703 | Zot:2    | 51703 ||| Stepping ~*~*~tactically~*~*~ (stealth).
 51704 | Zot:2    | 51704 ||| Stepping ~*~*~tactically~*~*~ (stealth).
 51711 | Zot:2    | 51711 ||| Stepping ~*~*~tactically~*~*~ (stealth).
 51713 | Zot:2    | 51713 ||| Stepping ~*~*~tactically~*~*~ (hiding).
 51717 | Zot:2    | 51717 ||| INVOKING Heroism.
 51742 | Zot:2    | 51742 ||| Stepping ~*~*~tactically~*~*~ (hiding).
 51782 | Zot:2    | 51782 ||| INVOKING Heroism.
 52260 | Zot:2    | 52260 ||| DROPPING amulet of regeneration.
 52308 | Zot:3    | 52308 ||| INVOKING Heroism.
 52335 | Zot:3    | Received a gift from Okawaru
 52336 | Zot:3    | Reached skill level 15 in Throwing
 52370 | Zot:3    | 52370 ||| Stepping ~*~*~tactically~*~*~ (stealth).
 52371 | Zot:3    | 52371 ||| Stepping ~*~*~tactically~*~*~ (stealth).
 52373 | Zot:3    | 52373 ||| INVOKING Heroism.
 52427 | Zot:3    | 52427 ||| INVOKING Heroism.
 52449 | Zot:3    | Received a gift from Okawaru
 52723 | Zot:3    | Found a runed translucent gate.
 52724 | Zot:3    | Found a runed translucent gate.
 52725 | Zot:3    | Found a runed translucent gate.
 52727 | Zot:3    | Found an opulent altar of Gozag.
 52728 | Zot:3    | Noticed ShutUppercut's ghost (legendary DsGl)
 52896 | Zot:3    | Found Heumexku's Assorted Antiques.
 52979 | Zot:4    | 52979 ||| INVOKING Heroism.
 53016 | Zot:4    | Reached XP level 26. HP: 155/189 MP: 30/30
 53124 | Zot:4    | 53124 ||| INVOKING Heroism.
 53147 | Zot:4    | Received a gift from Okawaru
 53148 | Zot:4    | Reached skill level 26 in Fighting
 53253 | Zot:4    | 53253 ||| Stepping ~*~*~tactically~*~*~ (hiding).
 53256 | Zot:4    | 53256 ||| INVOKING Heroism.
 53351 | Zot:4    | 53351 ||| INVOKING Heroism.
 53386 | Zot:4    | Received a gift from Okawaru
 53784 | Zot:4    | Found a radiant altar of Vehumet.
 53787 | Zot:4    | Found a transporter.
 53818 | Zot:4    | Noticed a dread lich
 53884 | Zot:4    | 53884 ||| Stepping ~*~*~tactically~*~*~ (hiding).
 53886 | Zot:4    | 53886 ||| INVOKING Heroism.
 54102 | Zot:4    | 54102 ||| PLANNING THE SHINING ONE WORSHIP
 54102 | Zot:4    | 54102 ||| UPGRADING to +2 pair of gloves of Inviolability
                  | {rPois Str+3 Stlth-}.
 54112 | Zot:4    | 54112 ||| UPGRADING to ring of Nierrora {rC++ rN+ Will+
                  | Dex+4}.
 54615 | Temple   | Fell from the grace of Okawaru
 54615 | Temple   | Became a worshipper of the Shining One
 54616 | Temple   | 54616 ||| PLANNING CRYPT
 54881 | Crypt:1  | Entered Level 1 of the Crypt
 54920 | Crypt:1  | Was placed under penance by the Shining One
 54928 | Crypt:1  | Fell from the grace of the Shining One
 54954 | Crypt:1  | Found a huge runed translucent gate.
 54954 | Crypt:1  | Found a huge runed translucent gate.
 54955 | Crypt:1  | Found a huge runed translucent gate.
 54955 | Crypt:1  | Found a huge runed translucent gate.
 54955 | Crypt:1  | Found a huge runed translucent gate.
 54956 | Crypt:1  | Found a huge runed translucent gate.
 54956 | Crypt:1  | Found a huge runed translucent gate.
 54960 | Crypt:1  | Found a huge runed translucent gate.
 54960 | Crypt:1  | Found a huge runed translucent gate.
 54965 | Crypt:1  | Found a shimmering altar of Xom.
 54966 | Crypt:1  | 54966 ||| PLANNING OKAWARU WORSHIP
 54966 | Crypt:1  | 54966 ||| DROPPING 4 potions of magic.
 55273 | Temple   | Became a worshipper of Warmaster Okawaru
 55274 | Temple   | 55274 ||| PLANNING CRYPT
 55616 | Crypt:1  | 55616 ||| Stepping ~*~*~tactically~*~*~ (stealth).
 55836 | Crypt:1  | 55836 ||| READING 16 scrolls of teleportation.
 55837 | Crypt:1  | 55837 ||| Stepping randomly (stuck).
 55838 | Crypt:1  | 55838 ||| Stepping randomly (stuck).
 55896 | Crypt:1  | Reached skill level 9 in Dodging
 55896 | Crypt:1  | 55896 ||| INVOKING Heroism.
 55966 | Crypt:1  | Identified the ring "Melesanecu" {rPois rF+ rN+ Str+6
                  | Stlth-}
 56004 | Crypt:1  | 56004 ||| INVOKING Heroism.
 56033 | Crypt:1  | 56033 ||| UPGRADING to ring "Melesanecu" {rPois rF+ rN+
                  | Str+6 Stlth-}.
 56035 | Crypt:1  | 56035 ||| DROPPING ring of protection from fire.
 56036 | Crypt:1  | 56036 ||| READING 15 scrolls of teleportation.
 56317 | Crypt:1  | 56317 ||| READING 15 scrolls of teleportation.
 56610 | Crypt:2  | 56610 ||| INVOKING Heroism.
 56650 | Crypt:2  | 56650 ||| Stepping ~*~*~tactically~*~*~ (stealth).
 56753 | Crypt:2  | 56753 ||| Stepping ~*~*~tactically~*~*~ (hiding).
 56754 | Crypt:2  | 56754 ||| Stepping ~*~*~tactically~*~*~ (hiding).
 56756 | Crypt:2  | 56756 ||| INVOKING Heroism.
 57035 | Crypt:2  | 57035 ||| Stepping ~*~*~tactically~*~*~ (stealth).
 57037 | Crypt:2  | 57037 ||| INVOKING Heroism.
 57097 | Crypt:2  | 57097 ||| Stepping ~*~*~tactically~*~*~ (stealth).
 57102 | Crypt:2  | 57102 ||| INVOKING Heroism.
 57190 | Crypt:2  | 57190 ||| INVOKING Heroism.
 57227 | Crypt:2  | 57227 ||| Stepping ~*~*~tactically~*~*~ (stealth).
 57228 | Crypt:2  | 57228 ||| INVOKING Heroism.
 57231 | Crypt:2  | Noticed an ancient lich
 57238 | Crypt:2  | Killed an ancient lich
 57243 | Crypt:2  | Identified the +0 helmet of Sorcery {rF- Dex+5}
 57246 | Crypt:2  | Identified the +3 spear of Precise Incision {vamp, rF+
                  | Dex+3}
 57278 | Crypt:2  | 57278 ||| DROPPING +0 helmet of Sorcery {rF- Dex+5}.
 57302 | Crypt:3  | Entered Level 3 of the Crypt
 57306 | Crypt:3  | 57306 ||| INVOKING Heroism.
 57329 | Crypt:3  | 57329 ||| Stepping ~*~*~tactically~*~*~ (stealth).
 57344 | Crypt:3  | 57344 ||| Stepping ~*~*~tactically~*~*~ (stealth).
 57346 | Crypt:3  | 57346 ||| Stepping ~*~*~tactically~*~*~ (hiding).
 57358 | Crypt:3  | Reached skill level 27 in Fighting
 57430 | Crypt:3  | Found a basalt altar of Yredelemnul.
 57431 | Crypt:3  | 57431 ||| INVOKING Heroism.
 57473 | Crypt:3  | 57473 ||| Stepping ~*~*~tactically~*~*~ (hiding).
 57480 | Crypt:3  | 57480 ||| Stepping ~*~*~tactically~*~*~ (stealth).
 57618 | Crypt:3  | 57618 ||| Stepping ~*~*~tactically~*~*~ (stealth).
 57620 | Crypt:3  | 57620 ||| Stepping ~*~*~tactically~*~*~ (stealth).
 57627 | Crypt:3  | Noticed Mennas
 57628 | Crypt:3  | 57628 ||| INVOKING Heroism.
 57665 | Crypt:3  | 57665 ||| INVOKING Heroism.
 57679 | Crypt:3  | 57679 ||| DRINKING 34 potions of curing.
 57679 | Crypt:3  | 57679 ||| (to cure confusion)
 57696 | Crypt:3  | 57696 ||| DRINKING 33 potions of curing.
 57696 | Crypt:3  | 57696 ||| (to cure confusion)
 57767 | Crypt:3  | 57767 ||| INVOKING Heroism.
 57768 | Crypt:3  | 57768 ||| DRINKING 32 potions of curing.
 57768 | Crypt:3  | 57768 ||| (to cure confusion)
 57782 | Crypt:3  | Killed Mennas
 57812 | Crypt:3  | Identified the +1 troll leather armour of Kuodigei {*Slow
                  | rN+ Regen+ Int+3 Slay+6}
 57899 | Crypt:3  | 57899 ||| INVOKING Heroism.
 58051 | Crypt:3  | 58051 ||| INVOKING Heroism.
 58304 | Crypt:3  | 58304 ||| Stepping ~*~*~tactically~*~*~ (stealth).
 58321 | Crypt:3  | 58321 ||| Stepping ~*~*~tactically~*~*~ (hiding).
 58322 | Crypt:3  | 58322 ||| Stepping ~*~*~tactically~*~*~ (hiding).
 58373 | Crypt:3  | 58373 ||| INVOKING Heroism.
 58540 | Crypt:3  | 58540 ||| INVOKING Heroism.
 58541 | Crypt:3  | 58541 ||| Stepping ~*~*~tactically~*~*~ (hiding).
 58572 | Crypt:3  | Found a staircase to the Tomb.
 58572 | Crypt:3  | Found the +6 Majin-Bo {vamp, MP+6 Int+6}
 58572 | Crypt:3  | Noticed a dread lich
 58581 | Crypt:3  | Reached XP level 27. HP: 199/199 MP: 31/31
 58584 | Crypt:3  | Killed a dread lich
 58672 | Crypt:3  | 58672 ||| INVOKING Heroism.
 58732 | Crypt:3  | 58732 ||| INVOKING Heroism.
 58755 | Crypt:3  | Identified the +1 helmet of Parlour Games {Rampage rCorr
                  | Dex+3}
 58788 | Crypt:3  | 58788 ||| PLANNING TOMB
 58788 | Crypt:3  | 58788 ||| DROPPING +0 cloak of stealth.
 58789 | Crypt:3  | 58789 ||| UPGRADING to +1 helmet of Parlour Games {Rampage
                  | rCorr Dex+3}.
 58799 | Crypt:3  | 58799 ||| DROPPING +2 helmet.
 58800 | Crypt:3  | 58800 ||| UPGRADING to amulet of reflection.
 58841 | Tomb:1   | Entered Level 1 of the Tomb of the Ancients
 58944 | Tomb:1   | 58944 ||| INVOKING Heroism.
 59008 | Tomb:1   | 59008 ||| INVOKING Heroism.
 59090 | Tomb:1   | 59090 ||| INVOKING Heroism.
 59211 | Tomb:1   | 59211 ||| INVOKING Heroism.
 59214 | Tomb:1   | Noticed a royal mummy
 59229 | Tomb:1   | Noticed a royal mummy
 59234 | Tomb:1   | Killed a royal mummy
 59244 | Tomb:1   | HP: 49/199 [smoke demon/divine providence[a mummy priest]
                  | (10)]
 59245 | Tomb:1   | 59245 ||| READING 15 scrolls of teleportation.
 59246 | Tomb:1   | 59246 ||| DRINKING 11 potions of heal wounds.
 59248 | Tomb:1   | Received a gift from Okawaru
 59387 | Tomb:1   | Identified the +10 long sword of the Land of Plenty {vamp,
                  | Str+3}
 59427 | Tomb:1   | 59427 ||| INVOKING Heroism.
 59464 | Tomb:1   | Noticed a royal mummy
 59465 | Tomb:1   | Noticed a royal mummy
 59488 | Tomb:1   | HP: 45/199 [bennu (8)]
 59489 | Tomb:1   | 59489 ||| READING 14 scrolls of teleportation.
 59489 | Tomb:1   | HP: 6/199 [death scarab[a royal mummy] (18)]
 59490 | Tomb:1   | 59490 ||| DRINKING 10 potions of heal wounds.
 59491 | Tomb:1   | 59491 ||| DRINKING 9 potions of heal wounds.
 59492 | Tomb:1   | 59492 ||| DRINKING 8 potions of heal wounds.
 59554 | Tomb:1   | 59554 ||| Stepping ~*~*~tactically~*~*~ (stealth).
 59556 | Tomb:1   | 59556 ||| INVOKING Heroism.
 59563 | Tomb:1   | 59563 ||| Stepping ~*~*~tactically~*~*~ (stealth).
 59573 | Tomb:1   | Killed a royal mummy
 59665 | Tomb:1   | 59665 ||| INVOKING Heroism.
 59677 | Tomb:1   | Killed a royal mummy
 59728 | Tomb:1   | 59728 ||| INVOKING Heroism.
 59738 | Tomb:1   | Reached skill level 12 in Dodging
 59844 | Tomb:1   | 59844 ||| Stepping ~*~*~tactically~*~*~ (hiding).
 59849 | Tomb:1   | 59849 ||| INVOKING Heroism.
 59946 | Tomb:1   | Identified the +11 hand axe of the Final Eyes {vorpal,
                  | Str-3 Dex+10}
 60111 | Tomb:2   | Noticed a royal mummy
 60112 | Tomb:2   | 60112 ||| DRINKING 7 potions of haste.
 60113 | Tomb:2   | 60113 ||| DRINKING 9 potions of attraction.
 60114 | Tomb:2   | 60114 ||| INVOKING Heroism.
 60116 | Tomb:2   | Noticed a royal mummy
 60118 | Tomb:2   | Noticed a royal mummy
 60118 | Tomb:2   | Noticed a royal mummy
 60126 | Tomb:2   | HP: 39/199 [royal mummy/divine providence (14)]
 60127 | Tomb:2   | 60127 ||| READING 13 scrolls of teleportation.
 60128 | Tomb:2   | 60128 ||| DRINKING 7 potions of heal wounds.
 60131 | Tomb:2   | 60131 ||| DRINKING 6 potions of heal wounds.
 60131 | Tomb:2   | HP: 44/199 [royal mummy/divine providence (16)]
 60132 | Tomb:2   | 60132 ||| DRINKING 5 potions of heal wounds.
 60134 | Tomb:2   | 60134 ||| DRINKING 4 potions of heal wounds.
 60135 | Tomb:2   | Killed a royal mummy
 60135 | Tomb:2   | Received a gift from Okawaru
 60149 | Tomb:2   | Gained mutation: You are frail. (-10% HP) [mutagenic glow]
 60156 | Tomb:2   | Gained mutation: You have a somewhat thin skeletal
                  | structure. (Dex +2, Stealth+) [mutagenic glow]
 60250 | Tomb:2   | 60250 ||| DRINKING 10 potions of mutation.
 60250 | Tomb:2   | Lost mutation: Your natural rate of healing is unusually
                  | fast. [potion of mutation]
 60250 | Tomb:2   | Lost mutation: You have a somewhat thin skeletal structure.
                  | (Dex +2, Stealth+) [potion of mutation]
 60250 | Tomb:2   | Lost mutation: You are clumsy. (Dex -2) [potion of
                  | mutation]
 60250 | Tomb:2   | Gained mutation: You are agile. (Dex +4, Str/Int -1)
                  | [potion of mutation]
 60250 | Tomb:2   | Lost mutation: You are frail. (-10% HP) [potion of
                  | mutation]
 60312 | Tomb:2   | 60312 ||| INVOKING Heroism.
 60401 | Tomb:2   | 60401 ||| INVOKING Heroism.
 60483 | Tomb:2   | 60483 ||| INVOKING Heroism.
 60500 | Tomb:2   | Received a gift from Okawaru
 60733 | Tomb:3   | Entered Level 3 of the Tomb of the Ancients
 60734 | Tomb:3   | 60734 ||| DRINKING 6 potions of haste.
 60735 | Tomb:3   | 60735 ||| DRINKING 8 potions of attraction.
 60741 | Tomb:3   | 60741 ||| INVOKING Heroism.
 60762 | Tomb:3   | Noticed a royal mummy
 60765 | Tomb:3   | Noticed a royal mummy
 60765 | Tomb:3   | Noticed a royal mummy
 60770 | Tomb:3   | Noticed a royal mummy
 60773 | Tomb:3   | HP: 44/199 [??? (8)]
 60774 | Tomb:3   | 60774 ||| READING 12 scrolls of teleportation.
 60775 | Tomb:3   | 60775 ||| DRINKING 3 potions of heal wounds.
 60776 | Tomb:3   | 60776 ||| DRINKING 2 potions of heal wounds.
 60777 | Tomb:3   | 60777 ||| DRINKING potion of heal wounds.
 60779 | Tomb:3   | Noticed a royal mummy
 60780 | Tomb:3   | 60780 ||| READING 11 scrolls of teleportation.
 60790 | Tomb:3   | Noticed a royal mummy
 60791 | Tomb:3   | 60791 ||| READING 10 scrolls of teleportation.
 60795 | Tomb:3   | 60795 ||| INVOKING Heroism.
 60795 | Tomb:3   | HP: 32/199 [death scarab[a royal mummy] (6)]
 60797 | Tomb:3   | 60797 ||| READING 9 scrolls of teleportation.
 60799 | Tomb:3   | HP: 10/199 [emperor scorpion[a royal mummy] (9)]
 60799 | Tomb:3   | Killed from afar by a royal mummy

Levels and vault maps discovered:
D:1:      dpeg_arrival_tiny_j, layout_basic, serial_shops, shop
D:2:      wander_river, layout_loops_ring, ebering_ecumenical_altar_ruins,
          grunt_decor_junction, grunt_decor_mini_mirrors, uniq_terence
D:3:      layout_basic, serial_shops, nicolae_shop_advertising_works
          [nicolae_subvault_shop_adworks], minmay_mini_jars, uniq_ijyb
D:4:      layout_cave_pools, nicolae_overflow_hidden_temple,
          minmay_temple_entry_arrows, hangedman_decor_peaks_small, uniq_edmund,
          uniq_pikel, uniq_blork_the_orc
D:5:      layout_cave_pods, uniq_sigmund
D:6:      layout_gridville, trog_three_pillars_becter,
          kennysheep_generic_room_16
D:7:      layout_loops_ring, uniq_duvessa
D:8:      layout_loops_cross, david_lair_generic, minmay_misc_feat_five,
          skrybe_limestone_x, minmay_splitting_lines,
          hangedman_abyss_or_decor_stabs, hangedman_decor_push, uniq_erica
D:9:      layout_grid_maze, kennysheep_mini_moat
D:10:     layout_cross, uniq_lodul, uniq_joseph
D:11:     layout_basic, feat_on_display
D:12:     hellmonk_destroyed_diamonds, layout_basic, erik_orc_1, special_room
          [special_room_orc], minmay_misc_feat_x
D:13:     minmay_bubble_buster, layout_long_grid, david_vaults_2,
          uniq_josephine, uniq_snorg
D:14:     layout_long_grid, chequers_serial_rivers_small_a, uniq_agnes
D:15:     hangedman_depths_entry_civil_slaughter, layout_cave_pools,
          nicolae_kite_square_tiling_tiny, fedhas_altar_fruit_tree,
          uniq_jorgrun, uniq_louise
Temple:   bh_familiar_temple
Lair:1:   layout_chaotic_city, st_stairs_10, lemuel_fruit_tree,
          infiniplex_staircase_pool, lemuel_fruit_fields
Lair:2:   layout_hall_layers, uniq_amaemon, uniq_fannar
Lair:3:   layout_roguey, elwin_shoals_entry_stream, guppyfry_snake_entry_garden,
          st_stairs_8, nicolae_lair_liquid_snakes
Lair:4:   layout_misc_corridors, columned_hall_lemuel
Lair:5:   cheibrodos_lair_end_hotspot, layout_regular_city, slime_entry_1
Shoals:1: nicolae_shoals_mermall, layout_shoals, wheals_shoals_ruined_temple
Shoals:2: layout_shoals, serial_shops, nicolae_diamond_shop,
          nicolae_stop_n_shop_2, nicolae_lakefront_shop, nicolae_stop_n_shop_2,
          shop, uniq_ilsuiw, uniq_frances
Shoals:3: layout_shoals, nicolae_shoals_c_island
Shoals:4: shoals_end_hangedman, layout_shoals, shoals_ilsuiw_ice,
          portal_ice_cave_entry_pillars_2, uniq_polyphemus
Snake:1:  layout_gridlike, serial_bayou_pond_e, uniq_aizul
Snake:2:  layout_chambers, st_stairs_3, grunt_ministairs_3, uniq_mlioglotl,
          uniq_donald
Snake:3:  layout_onion, gammafunk_ghost_split, serial_bayou_pond_a,
          nicolae_snake_boneroom
Snake:4:  snake_hunt, layout_cave_shapes, grunt_megastairs_5
Orc:1:    layout_caves
Orc:2:    st_orc_elflike, layout_diamond_mine, basic_altar
Vaults:1: nicolae_vaults_network_star, nicolae_vaults_hallways_thing,
          gammafunk_the_bubble [the_bubble_gammafunk_roulette],
          hangedman_vaults_trim, vaults_room_grunt_arrival_ludios,
          hangedman_vaults_impose, nicolae_vaults_network_s, v_rooms_6,
          v_pattern_2, v_misc_14, vaults_dpeg_emergency_exit,
          layout_vaults_omnicross, uniq_saint_roka
Vaults:2: vaults_mumra_hexcomb, v_rooms_2, v_misc_9, vaults_room_pools,
          nicolae_vaults_network_barrier, grunt_vaults_trifunnel,
          minmay_crypt_entry_simple_box, grunt_vaults_funnel,
          ontoclasm_vaults_loading_screen, dpeg_vaults_pockets_of_resistance,
          ontoclasm_vaults_ring_square, layout_vaults_omnibox, serial_shops,
          shop, shop
Vaults:3: nicolae_vaults_little_squares_5, v_misc_24, v_rooms_1,
          ontoclasm_vaults_decontamination, v_misc_11, v_misc_13,
          vaults_room_fours, vaults_dpeg_hooks, layout_vaults_chaotic_city,
          serial_shops, nicolae_shop_statue_plus
Vaults:4: v_misc_1, serial_ice_b, v_alt_pattern_3, v_misc_28,
          nicolae_vaults_gold_heap, nicolae_vaults_diagonal_hallway_6,
          vaults_room_ringed_pool, layout_vaults_omnigrid, serial_shops,
          nicolae_shop_waterfront
Vaults:5: serial_shops, uniq_margery
Crypt:1:  cheibrodos_crypt_3hun_7po, layout_gridlike, basic_altar,
          lemuel_freeze_loot_1, grunt_crypt_arrival_split
Crypt:2:  layout_misc_corridors, st_shrine_of_skulls
Crypt:3:  grunt_crypt_end_deaths_head, uniq_mennas
Tomb:1
Tomb:2
Tomb:3
Depths:1: layout_cave_pools, enter_ziggurat_a, pf_hell_entry_great_geh,
          minmay_door_square, amcnicky_mini_pool_small, nicolae_shop_vocational
Depths:2: minmay_bloctagon_deflated, layout_gridlike, pf_hell_entry_tar_river,
          roderic_serpentine_path, pan_entry, grunt_megastairs_2,
          minmay_shop_star, minmay_staircase_windowed_large
Depths:3: minmay_heptahexagon, layout_basic, minmay_misc_feat_ornament,
          minmay_room_of_horrors, hell_entry, uniq_grunn
Depths:4: grunt_zot_entry_gee_three, layout_basic, hell_entry
Zot:1:    hangedman_zot_vaults_quadrants, layout_concentric_octagons
Zot:2:    grunt_deathspiral_small, layout_concentric_octagons,
          lemuel_flame_loot_1
Zot:3:    layout_onion, ebering_ghost_gozag
Zot:4:    gammafunk_sealed_library, layout_concentric_octagons

Skill      XL: |  1  2  3  4  5  6  7  8  9 10 11 12 13 14 15 16 17 18 19 20 21 22 23 24 25 26 27 |
---------------+----------------------------------------------------------------------------------+-----
Axes           | 2 3 5 7 9 11 12 14 15 17 18 | 18.0
Shields        | 4 5 6 9 10 11 12 13 14 15 16 17 18 19 20 21 22 | 22.0
Invocations    | 2 4 6 10 11 | 11.7
Dodging        | 1 2 3 4 5 6 8 10 13 | 13.6
Fighting       | 5 6 7 8 10 11 12 13 14 16 18 19 21 23 25 27 | 27.0
Armour         | 4 5 6 8 9 10 11 12 14 16 17 19 20 22 | 22.1
Throwing       | 1 3 5 7 8 9 10 11 12 13 15 16 17 | 17.1

Action                   |  1- 3 |  4- 6 |  7- 9 | 10-12 | 13-15 | 16-18 | 19-21 | 22-24 | 25-27 || total
-------------------------+-------+-------+-------+-------+-------+-------+-------+-------+-------++-------
Melee: War axe           |    87 |   103 |   146 |   157 |       |       |       |       |       ||   493
       Broad axe         |       |       |       |   208 |  1116 |  1422 |  1436 |  1344 |  1674 ||  7200
       Morningstar       |       |       |       |     8 |       |       |       |       |       ||     8
       Demon whip        |       |       |       |    25 |     7 |       |       |       |       ||    32
       Eveningstar       |       |       |       |       |       |    71 |       |       |       ||    71
Throw: Boomerang         |     2 |    37 |    45 |    50 |   133 |    41 |       |       |       ||   308
       Javelin           |       |       |       |     6 |    11 |    26 |    59 |    90 |   160 ||   352
Invok: Heroism           |       |       |    19 |    19 |    34 |    51 |    46 |    36 |    51 ||   256
       Finesse           |       |       |       |     4 |    12 |    13 |    11 |    19 |     2 ||    61
  Use: Scroll            |     3 |     9 |    14 |     2 |     8 |     6 |     2 |     5 |    10 ||    59
       Potion            |     3 |     2 |       |     1 |     2 |     3 |     1 |     5 |    23 ||    40
 Stab: Distracted        |       |       |       |     1 |     2 |       |       |       |       ||     3
Armor: Scale mail        |    36 |     3 |       |       |       |       |       |       |       ||    39
       Chain mail        |       |    66 |    39 |   120 |   344 |   489 |       |       |       ||  1058
       Plate armour      |       |       |       |       |       |    54 |   611 |   345 |       ||  1010
       Gold dragon scale |       |       |       |       |       |       |       |   111 |       ||   111
       Crystal plate arm |       |       |       |       |       |       |       |   325 |  1102 ||  1427
Dodge: Dodged            |    24 |    16 |    30 |   147 |   285 |   485 |   341 |   327 |   532 ||  2187
Block: Buckler           |    23 |       |       |       |       |       |       |       |       ||    23
       Tower shield      |    15 |    81 |   118 |   328 |   941 |  1414 |  1312 |  1188 |  1926 ||  7323
       Reflection        |       |       |       |       |       |       |       |       |     6 ||     6

Table legend:
 A = Non-vault XP
 B = Vault XP
 C = Vault XP percentage of total XP
 D = Non-vault monster count
 E = Vault monster count
 F = Vault count percentage of total count
                 A         B        C        D         E       F
            +---------+---------+-------+---------+---------+-------
      Total |  678978 |  704345 |  50.9 |    1213 |     937 |  43.6
            +---------+---------+-------+---------+---------+-------
        D:1 |      29 |       0 |   0.0 |      18 |       0 |   0.0
        D:2 |      22 |      36 |  62.1 |      12 |       1 |   7.7
        D:3 |      80 |     196 |  71.0 |      23 |      11 |  32.4
        D:4 |     150 |     888 |  85.5 |       9 |       3 |  25.0
        D:5 |     375 |     223 |  37.3 |      10 |       1 |   9.1
        D:6 |    1319 |     228 |  14.7 |      22 |       2 |   8.3
        D:7 |    1062 |     213 |  16.7 |      19 |       2 |   9.5
        D:8 |    1711 |    1946 |  53.2 |      15 |       5 |  25.0
        D:9 |    1048 |       0 |   0.0 |      16 |       0 |   0.0
       D:10 |    2472 |    2155 |  46.6 |      15 |      10 |  40.0
       D:11 |    3417 |       0 |   0.0 |      22 |       0 |   0.0
       D:12 |   10427 |    2010 |  16.2 |      21 |      42 |  66.7
       D:13 |    8851 |   12485 |  58.5 |      22 |      25 |  53.2
       D:14 |    8933 |    3355 |  27.3 |      16 |       2 |  11.1
       D:15 |   10711 |    5511 |  34.0 |      22 |       7 |  24.1
     Lair:1 |    6246 |     338 |   5.1 |      31 |       2 |   6.1
     Lair:2 |    2122 |    2058 |  49.2 |       9 |       3 |  25.0
     Lair:3 |    7409 |    2445 |  24.8 |      19 |      14 |  42.4
     Lair:4 |   10927 |       0 |   0.0 |      25 |       0 |   0.0
     Lair:5 |    6716 |    6283 |  48.3 |      27 |      25 |  48.1
   Shoals:1 |   19578 |    5279 |  21.2 |      40 |      11 |  21.6
   Shoals:2 |    4192 |    4953 |  54.2 |       8 |       6 |  42.9
   Shoals:3 |   18025 |       0 |   0.0 |      38 |       0 |   0.0
   Shoals:4 |   17859 |   26915 |  60.1 |      36 |      37 |  50.7
    Snake:1 |   13564 |    2303 |  14.5 |      27 |       4 |  12.9
    Snake:2 |   10661 |    5323 |  33.3 |      19 |       6 |  24.0
    Snake:3 |   13468 |    8264 |  38.0 |      23 |      16 |  41.0
    Snake:4 |   14602 |   24505 |  62.7 |      32 |      40 |  55.6
      Orc:1 |    4394 |       0 |   0.0 |      39 |       0 |   0.0
      Orc:2 |    2115 |    8153 |  79.4 |      17 |      25 |  59.5
   Vaults:1 |   24704 |   32756 |  57.0 |      38 |      39 |  50.6
   Vaults:2 |   16071 |   59161 |  78.6 |      30 |      71 |  70.3
   Vaults:3 |   14308 |    8983 |  38.6 |      18 |      12 |  40.0
   Vaults:4 |   33535 |   45779 |  57.7 |      45 |      50 |  52.6
   Vaults:5 |    9561 |   77340 |  89.0 |      12 |      59 |  83.1
    Crypt:1 |   31409 |       0 |   0.0 |      52 |       0 |   0.0
    Crypt:2 |   28196 |   10350 |  26.9 |      35 |      13 |  27.1
    Crypt:3 |       0 |   75636 | 100.0 |       0 |     126 | 100.0
     Tomb:1 |   11382 |   38233 |  77.1 |      26 |      37 |  58.7
     Tomb:2 |      18 |   42412 | 100.0 |       1 |      55 |  98.2
     Tomb:3 |    7940 |    8363 |  51.3 |      12 |      17 |  58.6
   Depths:1 |   35018 |       0 |   0.0 |      39 |       0 |   0.0
   Depths:2 |   18114 |   13551 |  42.8 |      25 |      15 |  37.5
   Depths:3 |   61313 |   67811 |  52.5 |      62 |      61 |  49.6
   Depths:4 |   37493 |   19098 |  33.7 |      37 |      17 |  31.5
      Zot:1 |   32618 |   40483 |  55.4 |      24 |      30 |  55.6
      Zot:2 |   32690 |   38324 |  54.0 |      27 |      35 |  56.5
      Zot:3 |   34038 |       0 |   0.0 |      32 |       0 |   0.0
      Zot:4 |   33935 |       0 |   0.0 |      24 |       0 |   0.0
    Abyss:3 |   14150 |       0 |   0.0 |      22 |       0 |   0.0
            +---------+---------+-------+---------+---------+-------
